 Dungeon Crawl Stone Soup version 0.31-a0-150-g89dc3ad700 (webtiles) character file.

Game seed: 12816824167384360530

411180 qw the Conqueror (level 22, -9/233 HPs)
             Began as a Minotaur Hunter on June 8, 2023.
             Was a High Priest of Okawaru.
             Mangled by a spriggan berserker
             ... wielding a +2 antimagic rapier
              (11 damage)
             ... while paralysed by a floating eye
             ... on level 4 of the Depths.
             The game lasted 00:22:05 (41433 turns).

qw the Conqueror (Minotaur Hunter)                 Turns: 41433, Time: 00:22:06

Health: -9/233     AC: 20    Str: 14    XL:     22   Next: 47%
Magic:  17/38      EV:  2    Int:  5    God:    Okawaru [*****.]
Gold:   2099       SH:  0    Dex: 36    Spells: 21/21 levels left

rFire   + + +        s - +9 triple crossbow of the Enchanted Forest {flame, rC+ rN+ MP+9 Int-4}
rCold   + . .        (shield currently unavailable)
rNeg    + + .        p - +0 leather armour "Ompom" {rPois Str-3 Dex+6}
rPois   +            b - +2 hat
rElec   .            r - +2 cloak {Will+}
rCorr   .            o - +2 pair of gloves of the Game Afoot {Drain rF+++ Int+5 SInv}
SInv    +            v - +2 pair of boots {rampage}
Will    ++...        a - amulet of faith
Stlth   +++++        k - +6 ring of dexterity
HPRegen 0.58/turn    q - ring "Doclism" {rN+ EV+5 Stlth+}
MPRegen 0.26/turn

%: rampage, faith
@: paralysed, heroic, finesse-ful, flayed
A: horns 2, retaliatory headbutt, dopey 1
}: 2/15 runes: decaying, serpentine
a: Renounce Religion, Heroism, Finesse, Duel


You were on level 4 of the Depths.
You worshipped Okawaru.
Okawaru was extremely pleased with you.
You visited 8 branches of the dungeon, and saw 39 of its levels.

You collected 4915 gold pieces.
You spent 2816 gold pieces at shops.


Innate Abilities, Weirdness & Mutations

You have a pair of horns on your head.
You reflexively headbutt those who attack you in melee.
You are dopey. (Int -2)


   Skills:
 O Level 27 Fighting
 - Level 22.0(27) Ranged Weapons
 + Level 20.4(25.4) Armour
 - Level 22.0(27) Dodging
 - Level 0.7(5.7) Stealth
 - Level 11.2 Invocations


You had 21 spell levels left.
You didn't know any spells.
Your spell library was empty.

Inventory:

Hand Weapons
 s - the +9 triple crossbow of the Enchanted Forest (weapon) {flame, rC+ rN+ MP+9 Int-4}
   (Okawaru gifted it to you on level 1 of the Swamp)

   Int:       It affects your intelligence (-4).
   rC:        It protects you from cold.
   rN:        It protects you from negative energy.
   MP:        It affects your magic capacity (+9).
Armour
 b - a +2 hat (worn)
 g - the +3 ring mail of Eghe {+Inv Int-5 Dex+5}
   (Okawaru gifted it to you on level 3 of the Lair of Beasts)

   Int:       It affects your intelligence (-5).
   Dex:       It affects your dexterity (+5).
   +Inv:      It lets you turn invisible.
 n - the +6 faerie dragon scales {Harm rCorr Int+3 Dex+4 Stlth-}
   (You took it off the Enchantress on level 3 of the Depths)

   Int:       It affects your intelligence (+3).
   Dex:       It affects your dexterity (+4).
   rCorr:     It protects you from acid and corrosion.
   Harm:      It increases damage dealt and taken.
   Stlth:     It makes you less stealthy.
 o - the +2 pair of gloves of the Game Afoot (worn) {Drain rF+++ Int+5 SInv}
   (You found it on level 4 of the Dungeon)

   Int:       It affects your intelligence (+5).
   rF:        It renders you almost immune to fire.
   SInv:      It lets you see invisible.
   Drain:     It drains your maximum health when unequipped.
 p - the +0 leather armour "Ompom" (worn) {rPois Str-3 Dex+6}
   (You found it on level 8 of the Dungeon)

   Str:       It affects your strength (-3).
   Dex:       It affects your dexterity (+6).
   rPois:     It protects you from poison.
 r - a +2 cloak of willpower (worn)
 v - a +2 pair of boots of rampaging (worn)
Jewellery
 a - an amulet of faith (around neck)
 j - the ring "Keakiof" {*Slow rN+ Will+ Slay+2 SInv}
   (You took it off a spriggan berserker on level 3 of the Depths)

   [ring of see invisible]

   Slay:      It affects your accuracy & damage with ranged weapons and melee
   (+2).
   rN:        It protects you from negative energy.
   SInv:      It lets you see invisible.
   *Slow:     It may slow you when you take damage.
   Will:      It increases your willpower.
 k - a +6 ring of dexterity (left hand)
 m - an amulet of reflection
 q - the ring "Doclism" (right hand) {rN+ EV+5 Stlth+}
   (You found it on level 14 of the Dungeon)

   [ring of evasion]

   EV:        It affects your evasion (+5).
   rN:        It protects you from negative energy.
   Stlth:     It makes you more stealthy.
Wands
 u - a wand of digging (14)
Scrolls
 c - 14 scrolls of identify
 h - 26 scrolls of teleportation
Potions
 d - a potion of magic
 e - 4 potions of mutation
 f - 2 potions of might
 i - 2 potions of heal wounds
 l - 22 potions of curing
 t - 4 potions of haste

Dungeon Overview and Level Annotations

Branches:
Dungeon (15/15)            Temple (1/1) D:4            Lair (5/5) D:9
  Swamp (4/4) Lair:2        Snake (4/4) Lair:3        Slime (0/5) Lair:5
    Orc (2/2) D:11            Elf (0/3) Orc:2        Vaults (4/5) D:13
  Crypt (0/3) Vaults:2     Depths (4/4) D:15
    Zot: Depths:4

Altars:
Ashenzari
Cheibriados
Dithmenos
Elyvilon
Fedhas
Gozag
Hepliaklqana
Kikubaaqudgha
Makhleb
Nemelex Xobeh
Okawaru
Qazlal
Ru
Sif Muna
Trog
Uskayaw
Vehumet
Wu Jian
Xom
Yredelemnul
Zin
The Shining One
Jiyva
Lugonu

Shops:
D:3 (   D:7 **[:   D:11 :   D:12 :   Orc:1 ??   Orc:2 ?[([   Snake:1 (=[!?
Vaults:2 [   Vaults:3 ?*   Depths:2 *

Portals:
Hell: Depths:1 Depths:2 Depths:3 Depths:4
Abyss: Lair:5 Depths:3
Pandemonium: Depths:2

Annotations:
D:7 3 runed translucent doors, qw's ghost, novice GrFi
D:13 2 runed translucent doors, qdestroyer's ghost, journeyman MiFi
Lair:2 2 transporters, qw's ghost, journeyman MiHu
Lair:3 3 runed translucent doors, qw's ghost, adept MiHu
Snake:2 2 transporters, Elinuc's ghost, adept DEHW
Vaults:1 3 runed translucent doors, Nornya's ghost, veteran MfSu
Depths:1 2 transporters, qw's ghost, adept GrFi


Message History

The spriggan air mage is severely wounded.
The spriggan berserker completely misses you.
You furiously retaliate!
You headbutt the spriggan berserker!
The spriggan air mage hits you but does no damage.
You shoot a bolt. The bolt misses the spriggan air mage.
The spriggan berserker completely misses you.
You furiously retaliate!
You headbutt the spriggan berserker!
The flayed ghost cries, "Feel what I felt!"
Terrible wounds spread across more of your body!
The glowing orange brain pulsates.
Something tries to feed on your intellect!
The floating eye gazes piercingly through you!
You suddenly lose the ability to move!
The spriggan berserker hits you with a +2 antimagic rapier!
You feel your power leaking away.
The spriggan air mage hits you but does no damage.
The glowing orange brain pulsates.
The glowing orange brain radiates an aura of fear!
You resist with almost no effort.
The flayed ghost cries, "Suffer as I suffered!"
Terrible wounds spread across more of your body!
The floating eye's view fixates on you.
The deep troll bites you but does no damage.
The deep troll claws you but does no damage.
The deep troll claws you. The iron troll bites you! The iron troll claws you!
The iron troll claws you.
The spriggan berserker barely misses you.
The spriggan air mage hits you!
The deep troll bites you but does no damage.
The deep troll claws you but does no damage. x2
The spriggan berserker hits you but does no damage.
The floating eye gazes piercingly through you!
You shrug off the repeated paralysis!
The iron troll bites you but does no damage.
The iron troll claws you.
The iron troll claws you but does no damage.
The deep troll bites you. The deep troll claws you!
The deep troll claws you but does no damage.
The spriggan berserker hits you with a +2 antimagic rapier!
You die... #...###.... #...##...## #......G### #......##[. #......##.. .##. #..G...##. ..##. #.iiGT.##XD

D##.$##.
#..@TW..######..###.
#..T##...####...##..
#...###/......[###..
##...####$...####...
#....##########....
##.....######......
##[##.............
#..#..¤~~~~...(..
##.....¤~¤~.##...


You could see a tentacled monstrosity, a storm dragon, an iron troll (summoned,
fast), a flayed ghost, 2 glowing orange brains, a deep troll (summoned, fast), a
spriggan berserker (berserk), a spriggan air mage (repels missiles), a deep
troll shaman (summoned) and a floating eye.

Vanquished Creatures
  Mennas (Depths:4)
  Boris (twice) (Vaults:2 Depths:3)
  the Lernaean hydra (Swamp:4)
  Frederick (Depths:3)
  Vashnia (Snake:4)
  Xtahua (Vaults:2)
  Margery (Vaults:2)
  Nikola (Snake:2)
  the Enchantress (Depths:3)
  Rupert (D:13)
  A lich (Depths:1)
  Asterion (Snake:1)
  A titan (Depths:2)
  2 tentacled monstrosities (Swamp:4)
  4 sphinxes
  A storm dragon (Depths:4)
  3 tengu reavers
  2 shadow dragons
  5 fire giants
  Kirke (Lair:3)
  10 nagarajas
  An iron dragon (Depths:3)
  4 frost giants
  10 vault wardens
  21 ironbound preservers
  2 ghouls (Swamp:4)
  4 orc warlords
  A caustic shrike skeleton (Depths:2)
  5 spriggan defenders (Depths:3)
  6 ironbound thunderhulks
  A cacodemon (Depths:2)
  A formless jellyfish (Vaults:1)
  13 stone giants
  5 eleionomae
  7 very ugly things
  A vampire knight (Depths:3)
  5 bunyips
  Azrael (D:13)
  3 spark wasps (Depths:1)
  12 dire elephants
  Snorg (D:10)
  2 green deaths (Swamp:4)
  6 yaktaur captains
  2 jiangshi (Depths:3)
  A shambling mangrove (Swamp:4)
  12 ettins
  A deep elf high priest (D:14)
  6 great orbs of eyes
  3 entropy weavers
  2 merfolk javelineers (Depths:2)
  8 fire dragons
  8 vault guards
  Erolcha (D:13)
  3 ice dragons
  5 rakshasas
  Harold (D:9)
  2 ghost crabs
  A hell beast (Swamp:4)
  16 hydras
  Fannar (D:11)
  3 ogre magi (D:15)
  3 spriggan air magi (Depths:3)
  6 alligators
  5 ironbound frosthearts
  12 anacondas
  23 centaur warriors
  3 satyrs (Depths:3)
  14 two-headed ogres
  2 boulder beetles
  5 tengu warriors
  Urug (Orc:2)
  3 thrashing horrors (Lair:5)
  6 deep troll shamans
  5 shock serpents
  6 death yaks
  11 deep troll earth magi
  A vampire mage (Depths:3)
  2 orc high priests
  6 spriggan berserkers
  22 naga warriors
  A sun demon (Depths:2)
  28 naga sharpshooters
  A titan zombie (Depths:2)
  16 hell knights
  Sonja (Orc:2)
  Lodul (D:11)
  3 skeletal warriors
  6 iron trolls
  2 sixfirhies (Depths:2)
  2 skysharks (Lair:5)
  4 salamander mystics
  6 goliath frogs
  A sea snake (shapeshifter) (Depths:4)
  5 sea snakes (Snake:4)
  2 glowing orange brains
  A swamp dragon (shapeshifter) (Vaults:3)
  74 deep trolls
  2 golden dragon zombies
  13 ironbound convokers
  3 spriggan druids
  A deep elf archer (Depths:3)
  3 flayed ghosts
  2 wizards (Vaults:3)
  7 bog bodies
  9 swamp dragons
  8 naga ritualists
  3 harpies (Vaults:3)
  10 necromancers
  13 mana vipers
  6 lindwurms
  2 deep elf pyromancers
  15 orc knights
  An orc sorcerer (Orc:1)
  A frost giant zombie (Depths:1)
  38 ugly things
  A wolf spider (D:14)
  6 cyclopes
  A wolf spider (shapeshifter) (Depths:3)
  3 fauns (Depths:3)
  Maurice (Orc:2)
  4 manticores
  An iron dragon skeleton (Depths:2)
  8 will-o-the-wisps
  21 salamanders
  A stone giant skeleton (Vaults:4)
  9 guardian serpents
  3 orange demons (Swamp:4)
  A rust devil (Depths:2)
  37 black mambas
  9 vault sentinels
  2 smoke demons (Lair:5)
  An ice statue (D:10)
  4 elephants
  6 unseen horrors
  3 gargoyles
  24 naga magi
  12 cane toads
  A human zombie (Vaults:4)
  2 rime drakes
  A torpor snail (Lair:3)
  10 komodo dragons
  A kobold demonologist (D:11)
  30 yaktaurs
  A golden dragon simulacrum (Depths:1)
  A tengu conjurer (Depths:3)
  8 trolls
  A spriggan skeleton (Depths:1)
  A burning bush (Lair:5)
  A queen bee (D:11)
  2 bloated husks
  5 tyrant leeches
  An ancient zyme (Lair:5)
  A tarantella (Vaults:3)
  Prince Ribbit (D:9)
  5 polar bears
  A troll (shapeshifter) (D:14)
  Grinder (D:5)
  29 blink frogs
  14 hornets
  2 fire giant simulacra
  2 dream sheep (Lair:3)
  19 slime creatures
  2 ynoxinuls (Lair:5)
  2 water elementals
  A centaur simulacrum (D:15)
  11 spriggans
  69 yaks
  2 culicivoras
  4 wraiths
  2 shadows (Swamp:4)
  6 fire elementals (D:13)
  8 basilisks
  A hog (Lair:3)
  2 wyverns
  Grum (D:9)
  11 humans
  A steam dragon (D:6)
  3 redbacks
  4 chaos spawn (Lair:5)
  16 vampire mosquitoes
  69 nagas
  18 swamp worms
  5 large abominations
  3 wargs
  Menkaure (D:4)
  An acid dragon (D:10)
  28 water moccasins
  A hell hound (D:13)
  Duvessa (D:6)
  An ogre skeleton (Vaults:4)
  53 orc warriors
  A sky beast (D:8)
  2 swamp drakes
  4 black bears
  9 wolves
  A spriggan simulacrum (Depths:1)
  23 ogres
  5 boggarts (Vaults:3)
  7 centaurs
  7 kobold brigands
  Blork the orc (D:5)
  14 bullfrogs
  2 scorpions
  4 gnoll sergeants
  3 necrophages (Swamp:4)
  4 wights (D:7)
  Dowan (D:6)
  34 killer bees
  3 electric eels
  11 howler monkeys
  A vampire bat (Lair:2)
  8 small abominations (Lair:5)
  4 lava snakes
  3 jellies (D:15)
  24 orc priests
  2 gnoll boudas
  4 iguanas
  3 sleepcaps
  Ijyb (D:5)
  Natasha (thrice) (D:3)
  29 orc wizards
  Terence (D:3)
  22 gnolls
  7 adders
  A shadow imp (D:3)
  2 white imps
  An ufetubus (D:5)
  A worm (D:3)
  A dart slug (D:2)
  122 orcs
  6 ball pythons
  18 bats
  11 endoplasms
  A giant cockroach (D:3)
  9 goblins
  8 hobgoblins
  7 quokkas
  2 frilled lizards (D:1)
  14 kobolds
  8 rats
  A fire vortex (D:14)
  A spectral weapon (Depths:3)
1745 creatures vanquished.

Vanquished Creatures (others)
  A vault guard (D:13)
  A naga (Snake:4)
  An orc (Orc:2)
3 creatures vanquished.

Grand Total: 1748 creatures vanquished

Notes
Turn   | Place    | Note
-------+----------+-------------------------------------------
     0 | D:1      | qw the Minotaur Hunter began the quest for the Orb.
     0 | D:1      | Reached XP level 1. HP: 18/18 MP: 0/0
     0 | D:1      | 0 ||| qw: Version: 0.2-a-120-gdf1a93b
     0 | D:1      | 0 ||| qw: Game counter: 2965
     0 | D:1      | 0 ||| qw: Always use a shield: true
     0 | D:1      | 0 ||| qw: God list: Okawaru
     0 | D:1      | 0 ||| qw: Allow faded altars: false
     0 | D:1      | 0 ||| qw: Do Orc after D:15 true
     0 | D:1      | 0 ||| qw: Do second Lair branch before Depths: true
     0 | D:1      | 0 ||| qw: Lair rune preference: random
     0 | D:1      | 0 ||| qw: Plans: Normal
     0 | D:1      | 0 ||| PLANNING D:1-11
    60 | D:1      | Reached XP level 2. HP: 25/25 MP: 1/1
   162 | D:1      | Reached skill level 3 in Fighting
   519 | D:1      | 519 ||| UPGRADING to +0 pair of gloves.
   524 | D:1      | 524 ||| UPGRADING to +0 ring mail.
   534 | D:1      | 534 ||| DROPPING +0 leather armour.
   535 | D:1      | 535 ||| READING scroll labelled YSAFYUP HEGUIC.
   536 | D:1      | 536 ||| READING 3 scrolls labelled ONOISI YREISAO.
   540 | D:1      | 540 ||| DROPPING scroll of butterflies.
   612 | D:2      | Reached XP level 3. HP: 31/31 MP: 2/2
   695 | D:2      | Reached skill level 1 in Armour
   845 | D:2      | Found a faded altar of an unknown god.
  1270 | D:2      | 1270 ||| UPGRADING to +1 hat.
  1275 | D:2      | 1275 ||| READING scroll labelled MEEH RAH UMP.
  1276 | D:2      | 1276 ||| READING scroll labelled SEIM YWEUVIARR.
  1277 | D:2      | 1277 ||| READING scroll labelled TUANO QUTS.
  1378 | D:2      | 1378 ||| READING 2 scrolls labelled JAOPSU GUZXO.
  1379 | D:2      | 1379 ||| DRINKING 2 red potions.
  1380 | D:2      | 1380 ||| DROPPING scroll of amnesia.
  1414 | D:3      | Reached XP level 4. HP: 38/38 MP: 3/3
  1440 | D:3      | Noticed Natasha
  1451 | D:3      | Killed Natasha
  1452 | D:3      | Reached skill level 6 in Ranged Weapons
  1515 | D:3      | 1515 ||| READING scroll of enchant weapon.
  1515 | D:3      | 1515 ||| ENCHANTING +1 shortbow.
  1605 | D:3      | Found a blossoming altar of Fedhas.
  1718 | D:3      | Reached skill level 4 in Fighting
  1858 | D:3      | Reached XP level 5. HP: 46/46 MP: 4/4
  1894 | D:3      | 1894 ||| UPGRADING to +6 ring of dexterity.
  1895 | D:3      | 1895 ||| READING 2 scrolls labelled XUNWAL XIUKYME.
  1896 | D:3      | 1896 ||| READING scroll labelled UROBIF YMPUNKU.
  1897 | D:3      | 1897 ||| DRINKING 3 viscous puce potions.
  1898 | D:3      | 1898 ||| DROPPING scroll of magic mapping.
  1899 | D:3      | 1899 ||| DROPPING 2 potions of brilliance.
  2075 | D:3      | Found Omosyoh's Weapon Boutique.
  2090 | D:3      | Noticed Natasha
  2093 | D:3      | Killed Natasha
  2101 | D:3      | Noticed Natasha
  2105 | D:3      | Killed Natasha
  2207 | D:3      | Noticed Terence
  2216 | D:3      | Killed Terence
  2532 | D:3      | 2532 ||| UPGRADING to ring of positive energy.
  2533 | D:3      | 2533 ||| READING scroll labelled PAGUTO JYLLA.
  2576 | D:4      | Noticed Menkaure
  2582 | D:4      | 2582 ||| STAIRDANCE
  2653 | D:4      | Killed Menkaure
  2654 | D:4      | Reached skill level 3 in Dodging
  2654 | D:4      | Reached XP level 6. HP: 51/52 MP: 5/5
  2673 | D:4      | Found a staircase to the Ecumenical Temple.
  2674 | D:4      | 2674 ||| PLANNING TEMPLE
  2683 | Temple   | Entered the Ecumenical Temple
  2762 | Temple   | 2762 ||| PLANNING OKAWARU WORSHIP
  2772 | Temple   | Became a worshipper of Warmaster Okawaru
  2772 | Temple   | 2772 ||| PLANNING D:1-11
  2840 | D:4      | Identified the +2 robe "Ysmy" {Fly Regen+ Str-3 Archmagi}
  2896 | D:4      | Reached XP level 7. HP: 59/59 MP: 6/6
  2981 | D:4      | Identified the +2 pair of gloves of the Game Afoot {Drain
                  | rF+++ Int+5 SInv}
  3075 | D:4      | Found a shimmering altar of Xom.
  3150 | D:4      | 3150 ||| UPGRADING to +2 robe "Ysmy" {Fly Regen+ Str-3
                  | Archmagi}.
  3160 | D:4      | 3160 ||| DROPPING +0 ring mail.
  3161 | D:4      | 3161 ||| UPGRADING to +2 pair of gloves of the Game Afoot
                  | {Drain rF+++ Int+5 SInv}.
  3171 | D:4      | 3171 ||| DROPPING +0 pair of gloves.
  3175 | D:5      | Entered Level 5 of the Dungeon
  3181 | D:5      | Noticed Ijyb
  3186 | D:5      | Paralysed by Ijyb for 3 turns
  3192 | D:5      | Killed Ijyb
  3226 | D:5      | Noticed Blork the orc
  3231 | D:5      | Killed Blork the orc
  3232 | D:5      | Reached skill level 5 in Fighting
  3417 | D:5      | Reached * piety under Okawaru
  3456 | D:5      | Noticed Grinder
  3457 | D:5      | 3457 ||| INVOKING Heroism.
  3470 | D:5      | Killed Grinder
  3471 | D:5      | Reached skill level 9 in Ranged Weapons
  3603 | D:5      | Reached XP level 8. HP: 67/68 MP: 7/7
  3838 | D:5      | 3838 ||| READING scroll labelled DOL LAGOSE.
  3839 | D:5      | 3839 ||| READING scroll labelled MUSAUM JUUNG.
  3840 | D:5      | 3840 ||| DRINKING 2 lumpy green potions.
  3841 | D:5      | 3841 ||| DRINKING 3 clear potions.
  3843 | D:5      | 3843 ||| Stepping ~*~*~tactically~*~*~ (cloud).
  3962 | D:5      | 3962 ||| STAIRDANCE
  4027 | D:5      | Reached skill level 1 in Invocations
  4224 | D:6      | 4224 ||| INVOKING Heroism.
  4335 | D:6      | 4335 ||| INVOKING Heroism.
  4341 | D:6      | Reached skill level 6 in Fighting
  4381 | D:6      | 4381 ||| INVOKING Heroism.
  4390 | D:6      | HP: 16/70 [poisoned by a gnoll sergeant]
  4391 | D:6      | 4391 ||| READING 3 scrolls of teleportation.
  4392 | D:6      | 4392 ||| DRINKING potion of heal wounds.
  4397 | D:6      | HP: 16/70 [poisoned by a gnoll sergeant]
  4398 | D:6      | Reached skill level 3 in Invocations
  4402 | D:6      | HP: 13/70 [poisoned by a gnoll sergeant]
  4491 | D:6      | 4491 ||| Stepping ~*~*~tactically~*~*~ (outnumbered).
  4493 | D:6      | 4493 ||| Stepping ~*~*~tactically~*~*~ (outnumbered).
  4495 | D:6      | 4495 ||| Stepping ~*~*~tactically~*~*~ (outnumbered).
  4497 | D:6      | 4497 ||| Stepping ~*~*~tactically~*~*~ (outnumbered).
  4499 | D:6      | 4499 ||| Stepping ~*~*~tactically~*~*~ (outnumbered).
  4518 | D:6      | Noticed Duvessa
  4518 | D:6      | Noticed Dowan
  4519 | D:6      | 4519 ||| INVOKING Heroism.
  4525 | D:6      | Killed Duvessa
  4529 | D:6      | Killed Dowan
  4629 | D:6      | 4629 ||| INVOKING Heroism.
  4910 | D:6      | 4910 ||| INVOKING Heroism.
  4921 | D:6      | Reached skill level 7 in Fighting
  5021 | D:6      | Reached XP level 9. HP: 76/79 MP: 11/11
  5057 | D:6      | 5057 ||| DROPPING +1 hat.
  5058 | D:6      | 5058 ||| READING 2 scrolls labelled FIOHYM ASSUOD.
  5059 | D:6      | 5059 ||| READING scroll labelled DIEGETOMUK.
  5059 | D:6      | Identified a scroll of acquirement
  5059 | D:6      | 5059 ||| ACQUIRING +4 longbow of freezing
  5059 | D:6      | Acquired a +4 longbow of freezing
  5061 | D:6      | 5061 ||| SWAPPING to +4 longbow of freezing.
  5062 | D:6      | 5062 ||| DROPPING +2 shortbow.
  5107 | D:7      | 5107 ||| INVOKING Heroism.
  5162 | D:7      | Reached skill level 6 in Dodging
  5185 | D:7      | Found Kaitt's Book Shop.
  5191 | D:7      | Found a runed translucent gate.
  5191 | D:7      | Found a runed translucent gate.
  5193 | D:7      | Found a runed translucent gate.
  5204 | D:7      | Noticed qw's ghost (novice GrFi)
  5366 | D:7      | 5366 ||| READING scroll of enchant armour.
  5366 | D:7      | 5366 ||| ENCHANTING +1 hat.
  5430 | D:7      | Found a flagged portal.
  5458 | D:7      | Found Fosotwaaju's Assorted Antiques.
  5459 | D:7      | Found Luovvaung's Armour Emporium.
  5460 | D:7      | Found Nafeib's General Store.
  5466 | D:7      | 5466 ||| BUYING blue potion (21 gold).
  5466 | D:7      | Bought a blue potion for 21 gold pieces
  5466 | D:7      | 5466 ||| BUYING encrusted silver wand (96 gold).
  5466 | D:7      | Bought an encrusted silver wand for 96 gold pieces
  5466 | D:7      | 5466 ||| BUYING potion of might (96 gold).
  5466 | D:7      | Bought a potion of might for 96 gold pieces
  5466 | D:7      | 5466 ||| BUYING scroll of identify (48 gold).
  5466 | D:7      | Bought a scroll of identify for 48 gold pieces
  5476 | D:7      | 5476 ||| INVOKING Heroism.
  5919 | D:7      | 5919 ||| READING scroll labelled DOGUARO QEIQUN.
  5920 | D:7      | 5920 ||| READING 3 scrolls of identify.
  5920 | D:7      | 5920 ||| IDENTIFYING bubbling inky potion
  5921 | D:7      | 5921 ||| READING 2 scrolls of identify.
  5921 | D:7      | 5921 ||| IDENTIFYING fuming orange potion
  5922 | D:7      | 5922 ||| DROPPING potion of ambrosia.
  5994 | D:7      | 5994 ||| SHOPLISTING +0 pair of boots of flying (161 gold,
                  | have 105).
  5994 | D:7      | 5994 ||| BUYING potion of heal wounds (70 gold).
  5994 | D:7      | Bought a potion of heal wounds for 70 gold pieces
  6065 | D:8      | 6065 ||| INVOKING Heroism.
  6298 | D:8      | Identified the +0 leather armour "Ompom" {rPois Str-3
                  | Dex+6}
  6319 | D:8      | 6319 ||| UPGRADING to +0 leather armour "Ompom" {rPois
                  | Str-3 Dex+6}.
  6329 | D:8      | 6329 ||| DROPPING +3 ring mail of cold resistance.
  6330 | D:8      | 6330 ||| READING 3 scrolls of identify.
  6330 | D:8      | 6330 ||| IDENTIFYING ruby potion
  6331 | D:8      | 6331 ||| READING 2 scrolls of identify.
  6331 | D:8      | 6331 ||| IDENTIFYING metallic red potion
  6332 | D:8      | 6332 ||| DROPPING potion of lignification.
  6436 | D:8      | 6436 ||| INVOKING Heroism.
  6489 | D:8      | Noticed a skeletal warrior
  6490 | D:8      | 6490 ||| INVOKING Heroism.
  6499 | D:8      | Killed a skeletal warrior
  6553 | D:8      | Found the +5 scythe "Finisher" {speed, execute}
  6595 | D:8      | 6595 ||| READING scroll labelled VURPHA ATHICAA.
  6603 | D:7      | 6603 ||| SHOPLISTING +2 cloak (198 gold, have 107).
  6642 | D:8      | Found a shimmering blue altar of Sif Muna.
  6796 | D:8      | 6796 ||| INVOKING Heroism.
  6838 | D:8      | 6838 ||| INVOKING Heroism.
  6855 | D:8      | Reached XP level 10. HP: 86/86 MP: 10/12
  6864 | D:8      | 6864 ||| INVOKING Heroism.
  7007 | D:9      | 7007 ||| INVOKING Heroism.
  7008 | D:9      | Noticed an elephant
  7012 | D:9      | Reached skill level 12 in Ranged Weapons
  7015 | D:9      | Killed an elephant
  7018 | D:9      | Reached skill level 8 in Fighting
  7019 | D:9      | Reached ** piety under Okawaru
  7061 | D:9      | Found a staircase to the Lair.
  7080 | D:9      | Found an ancient bone altar of Kikubaaqudgha.
  7089 | D:9      | Found an opulent altar of Gozag.
  7094 | D:9      | Noticed Grum
  7095 | D:9      | 7095 ||| INVOKING Heroism.
  7108 | D:9      | Killed Grum
  7249 | D:9      | Found a snail-covered altar of Cheibriados.
  7270 | D:9      | Reached *** piety under Okawaru
  7271 | D:9      | Reached skill level 9 in Fighting
  7299 | D:9      | Noticed Prince Ribbit
  7302 | D:9      | Killed Prince Ribbit
  7346 | D:9      | Reached skill level 9 in Dodging
  7454 | D:9      | 7454 ||| Stepping ~*~*~tactically~*~*~ (outnumbered).
  7458 | D:9      | Reached XP level 11. HP: 97/97 MP: 13/13
  7488 | D:9      | Noticed Harold
  7489 | D:9      | 7489 ||| INVOKING Heroism.
  7494 | D:9      | Killed Harold
  7494 | D:9      | Reached **** piety under Okawaru
  7776 | D:9      | 7776 ||| PLANNING LAIR
  7798 | Lair:1   | Entered Level 1 of the Lair of Beasts
  7815 | Lair:1   | 7815 ||| INVOKING Heroism.
  7830 | Lair:1   | 7830 ||| INVOKING Heroism.
  7902 | Lair:1   | 7902 ||| INVOKING Heroism.
  8088 | Lair:1   | 8088 ||| INVOKING Heroism.
  8092 | Lair:1   | Reached skill level 10 in Fighting
  8179 | Lair:1   | 8179 ||| INVOKING Heroism.
  8206 | Lair:1   | Reached skill level 6 in Invocations
  8273 | Lair:1   | 8273 ||| INVOKING Heroism.
  8415 | Lair:1   | 8415 ||| INVOKING Heroism.
  8656 | Lair:2   | 8656 ||| INVOKING Heroism.
  8685 | Lair:2   | Reached ***** piety under Okawaru
  8727 | Lair:2   | Reached skill level 15 in Ranged Weapons
  8738 | Lair:2   | Found a transporter.
  8755 | Lair:2   | Reached XP level 12. HP: 106/106 MP: 16/16
  8769 | Lair:2   | Noticed qw's ghost (journeyman MiHu)
  8774 | Lair:2   | 8774 ||| INVOKING Heroism.
  8830 | Lair:2   | Received a gift from Okawaru
  9071 | Lair:2   | 9071 ||| INVOKING Heroism.
  9103 | Lair:2   | Noticed a four-headed hydra
  9104 | Lair:2   | 9104 ||| INVOKING Finesse.
  9107 | Lair:2   | Killed a four-headed hydra
  9108 | Lair:2   | Reached skill level 9 in Invocations
  9166 | Lair:2   | Noticed an eight-headed hydra
  9167 | Lair:2   | 9167 ||| INVOKING Heroism.
  9169 | Lair:2   | Killed an eight-headed hydra
  9184 | Lair:2   | Found a staircase to the Swamp.
  9185 | Lair:2   | 9185 ||| Stepping ~*~*~tactically~*~*~ (water).
  9296 | Lair:2   | 9296 ||| INVOKING Heroism.
  9373 | Lair:2   | Found a transporter.
  9374 | Lair:2   | Noticed a seven-headed hydra
  9407 | Lair:2   | 9407 ||| READING scroll labelled GAIWNO AZOLETU.
  9420 | Lair:3   | 9420 ||| INVOKING Heroism.
  9438 | Lair:3   | Noticed a death yak
  9438 | Lair:3   | Noticed a death yak
  9438 | Lair:3   | Noticed a death yak
  9440 | Lair:3   | Killed a death yak
  9446 | Lair:3   | Killed a death yak
  9451 | Lair:3   | Killed a death yak
  9454 | Lair:3   | 9454 ||| INVOKING Heroism.
  9561 | Lair:3   | Noticed Kirke
  9562 | Lair:3   | 9562 ||| INVOKING Heroism.
  9579 | Lair:3   | Killed Kirke
  9580 | Lair:3   | Reached skill level 11 in Fighting
  9824 | Lair:3   | Identified the +3 ring mail of Eghe {+Inv Int-5 Dex+5}
                  | (Okawaru gifted it to you on level 3 of the Lair of Beasts)
  9824 | Lair:3   | Received a gift from Okawaru
  9846 | Lair:3   | Noticed a four-headed hydra
  9847 | Lair:3   | 9847 ||| INVOKING Heroism.
  9848 | Lair:3   | 9848 ||| INVOKING Finesse.
  9851 | Lair:3   | Killed a four-headed hydra
  9917 | Lair:3   | Noticed qw's ghost (adept MiHu)
  9920 | Lair:3   | Noticed a minotaur
  9935 | Lair:3   | 9935 ||| INVOKING Heroism.
  9945 | Lair:3   | Reached XP level 13. HP: 116/116 MP: 17/19
  9958 | Lair:3   | Found a runed translucent gate.
  9958 | Lair:3   | Found a runed translucent gate.
  9959 | Lair:3   | Found a runed translucent gate.
 10106 | Lair:3   | Found a staircase to the Snake Pit.
 10107 | Lair:3   | 10107 ||| Stepping ~*~*~tactically~*~*~ (outnumbered).
 10109 | Lair:3   | 10109 ||| Stepping ~*~*~tactically~*~*~ (outnumbered).
 10111 | Lair:3   | 10111 ||| Stepping ~*~*~tactically~*~*~ (outnumbered).
 10113 | Lair:3   | 10113 ||| Stepping ~*~*~tactically~*~*~ (outnumbered).
 10138 | Lair:3   | 10138 ||| FLEEEEING.
 10139 | Lair:3   | 10139 ||| FLEEEEING.
 10142 | Lair:3   | 10142 ||| FLEEEEING.
 10228 | Lair:3   | 10228 ||| READING scroll of brand weapon.
 10228 | Lair:3   | 10228 ||| BRANDING +4 longbow of chaos.
 10638 | Lair:3   | 10638 ||| DROPPING +2 robe "Ysmy" {Fly Regen+ Str-3
                  | Archmagi}.
 10639 | Lair:3   | 10639 ||| DROPPING ring of wizardry.
 10640 | Lair:3   | 10640 ||| READING 2 scrolls of identify.
 10640 | Lair:3   | 10640 ||| IDENTIFYING murky red potion
 10641 | Lair:3   | 10641 ||| DROPPING potion of degeneration.
 10683 | Lair:4   | You fall into a shaft and drop 1 floor!
 10683 | Lair:5   | Entered Level 5 of the Lair of Beasts
 10811 | Lair:5   | 10811 ||| INVOKING Heroism.
 10899 | Lair:5   | 10899 ||| INVOKING Heroism.
 10909 | Lair:5   | HP: 24/116 [rime drake/icy flash freeze (12)]
 10910 | Lair:5   | 10910 ||| READING 6 scrolls of teleportation.
 10911 | Lair:5   | 10911 ||| DRINKING 2 potions of heal wounds.
 10926 | Lair:5   | HP: 29/116 [poisoned by a black mamba]
 10927 | Lair:5   | 10927 ||| READING 5 scrolls of teleportation.
 10928 | Lair:5   | 10928 ||| DRINKING potion of heal wounds.
 10971 | Lair:5   | 10971 ||| INVOKING Heroism.
 11277 | Lair:4   | 11277 ||| INVOKING Heroism.
 11291 | Lair:4   | Reached skill level 18 in Ranged Weapons
 11476 | Lair:4   | 11476 ||| INVOKING Heroism.
 11483 | Lair:4   | Reached skill level 12 in Fighting
 11528 | Lair:4   | 11528 ||| INVOKING Heroism.
 11978 | Lair:4   | 11978 ||| DRINKING 2 blue potions.
 11979 | Lair:4   | 11979 ||| READING 3 scrolls of identify.
 11979 | Lair:4   | 11979 ||| IDENTIFYING green potion
 11980 | Lair:4   | 11980 ||| READING 2 scrolls of identify.
 11980 | Lair:4   | 11980 ||| IDENTIFYING golden potion
 12045 | Lair:5   | 12045 ||| INVOKING Heroism.
 12136 | Lair:5   | 12136 ||| INVOKING Heroism.
 12230 | Lair:5   | Reached skill level 12 in Dodging
 12351 | Lair:5   | 12351 ||| INVOKING Heroism.
 12403 | Lair:5   | Reached XP level 14. HP: 126/126 MP: 20/20
 12438 | Lair:5   | 12438 ||| FLEEEEING.
 12445 | Lair:5   | Received a gift from Okawaru
 12449 | Lair:5   | 12449 ||| FLEEEEING.
 12455 | Lair:5   | 12455 ||| FLEEEEING.
 12456 | Lair:5   | 12456 ||| FLEEEEING.
 12457 | Lair:5   | 12457 ||| FLEEEEING.
 12458 | Lair:5   | 12458 ||| FLEEEEING.
 12459 | Lair:5   | 12459 ||| FLEEEEING.
 12462 | Lair:5   | 12462 ||| FLEEEEING.
 12463 | Lair:5   | 12463 ||| FLEEEEING.
 12464 | Lair:5   | 12464 ||| FLEEEEING.
 12465 | Lair:5   | 12465 ||| FLEEEEING.
 12466 | Lair:5   | 12466 ||| FLEEEEING.
 12467 | Lair:5   | 12467 ||| FLEEEEING.
 12468 | Lair:5   | 12468 ||| FLEEEEING.
 12469 | Lair:5   | 12469 ||| FLEEEEING.
 12470 | Lair:5   | 12470 ||| FLEEEEING.
 12471 | Lair:5   | 12471 ||| FLEEEEING.
 12472 | Lair:5   | 12472 ||| FLEEEEING.
 12473 | Lair:5   | 12473 ||| FLEEEEING.
 12474 | Lair:5   | 12474 ||| FLEEEEING.
 12475 | Lair:5   | 12475 ||| FLEEEEING.
 12476 | Lair:5   | 12476 ||| FLEEEEING.
 12478 | Lair:5   | 12478 ||| FLEEEEING.
 12479 | Lair:5   | 12479 ||| FLEEEEING.
 12480 | Lair:5   | 12480 ||| FLEEEEING.
 12481 | Lair:5   | 12481 ||| FLEEEEING.
 12482 | Lair:5   | 12482 ||| FLEEEEING.
 12484 | Lair:5   | 12484 ||| FLEEEEING.
 12485 | Lair:5   | 12485 ||| FLEEEEING.
 12486 | Lair:5   | 12486 ||| FLEEEEING.
 12487 | Lair:5   | 12487 ||| STAIRDANCE
 12535 | Lair:4   | 12535 ||| UPGRADING to ring of resist corrosion.
 12718 | Lair:5   | 12718 ||| DRINKING potion of cancellation.
 12845 | Lair:5   | Found a corrupted altar of Lugonu.
 12845 | Lair:5   | Found a one-way gate to the infinite horrors of the Abyss.
 12953 | Lair:5   | Found a staircase to the Slime Pits.
 12954 | Lair:5   | Found a viscous altar of Jiyva.
 13009 | Lair:5   | 13009 ||| READING scroll of brand weapon.
 13009 | Lair:5   | 13009 ||| BRANDING +4 longbow of flaming.
 13238 | Lair:5   | 13238 ||| PLANNING D:1-11
 13238 | Lair:5   | 13238 ||| UPGRADING to amulet of faith.
 13383 | D:10     | Entered Level 10 of the Dungeon
 13680 | D:10     | 13680 ||| INVOKING Heroism.
 13685 | D:10     | 13685 ||| INVOKING Finesse.
 13825 | D:10     | Noticed Snorg
 13826 | D:10     | 13826 ||| INVOKING Heroism.
 13827 | D:10     | 13827 ||| INVOKING Finesse.
 13828 | D:10     | 13828 ||| INVOKING Finesse.
 13832 | D:10     | Killed Snorg
 13833 | D:10     | Reached skill level 13 in Fighting
 14358 | D:10     | 14358 ||| READING 3 scrolls of identify.
 14358 | D:10     | 14358 ||| IDENTIFYING glowing emerald potion
 14359 | D:10     | 14359 ||| READING 2 scrolls of identify.
 14359 | D:10     | 14359 ||| IDENTIFYING sedimented red potion
 14360 | D:10     | 14360 ||| DROPPING potion of berserk rage.
 14361 | D:10     | 14361 ||| DROPPING potion of invisibility.
 14579 | D:11     | 14579 ||| FLEEEEING.
 14586 | D:11     | 14586 ||| STAIRDANCE
 14678 | D:11     | Found Zeuseetu's Vocational Training.
 14691 | D:11     | Noticed Lodul
 14692 | D:11     | 14692 ||| INVOKING Heroism.
 14703 | D:11     | Killed Lodul
 14731 | D:11     | 14731 ||| FLEEEEING.
 14735 | D:11     | 14735 ||| FLEEEEING.
 14736 | D:11     | 14736 ||| FLEEEEING.
 14737 | D:11     | 14737 ||| FLEEEEING.
 14738 | D:11     | 14738 ||| FLEEEEING.
 14739 | D:11     | 14739 ||| FLEEEEING.
 14740 | D:11     | 14740 ||| FLEEEEING.
 14741 | D:11     | 14741 ||| FLEEEEING.
 14742 | D:11     | 14742 ||| FLEEEEING.
 14745 | D:11     | 14745 ||| FLEEEEING.
 14746 | D:11     | 14746 ||| FLEEEEING.
 14747 | D:11     | 14747 ||| FLEEEEING.
 14748 | D:11     | 14748 ||| FLEEEEING.
 14749 | D:11     | 14749 ||| FLEEEEING.
 14750 | D:11     | 14750 ||| FLEEEEING.
 14751 | D:11     | 14751 ||| FLEEEEING.
 14752 | D:11     | 14752 ||| FLEEEEING.
 14815 | D:11     | Noticed Fannar
 14817 | D:11     | 14817 ||| FLEEEEING.
 14818 | D:11     | 14818 ||| FLEEEEING.
 14819 | D:11     | 14819 ||| FLEEEEING.
 14820 | D:11     | 14820 ||| FLEEEEING.
 14821 | D:11     | 14821 ||| FLEEEEING.
 14822 | D:11     | 14822 ||| FLEEEEING.
 14823 | D:11     | 14823 ||| FLEEEEING.
 14824 | D:11     | 14824 ||| FLEEEEING.
 14825 | D:11     | 14825 ||| FLEEEEING.
 14828 | D:11     | 14828 ||| FLEEEEING.
 14829 | D:11     | 14829 ||| FLEEEEING.
 14830 | D:11     | 14830 ||| FLEEEEING.
 14831 | D:11     | 14831 ||| FLEEEEING.
 14832 | D:11     | 14832 ||| FLEEEEING.
 14833 | D:11     | 14833 ||| FLEEEEING.
 14834 | D:11     | 14834 ||| FLEEEEING.
 14835 | D:11     | 14835 ||| FLEEEEING.
 14836 | D:11     | 14836 ||| FLEEEEING.
 14841 | D:11     | 14841 ||| FLEEEEING.
 14844 | D:11     | Killed Fannar
 14917 | D:11     | 14917 ||| Stepping ~*~*~tactically~*~*~ (outnumbered).
 14955 | D:11     | Found a staircase to the Orcish Mines.
 14968 | D:11     | 14968 ||| INVOKING Heroism.
 14969 | D:11     | 14969 ||| Stepping ~*~*~tactically~*~*~ (outnumbered).
 14974 | D:11     | 14974 ||| Stepping ~*~*~tactically~*~*~ (outnumbered).
 15479 | D:11     | 15479 ||| PLANNING D
 15479 | D:11     | 15479 ||| UPGRADING to ring of ice.
 15513 | D:12     | Found a stormy altar of Qazlal.
 15802 | D:12     | Found Gaongiv's Tremendous Tomes.
 15892 | D:12     | 15892 ||| READING scroll of enchant weapon.
 15892 | D:12     | 15892 ||| ENCHANTING +4 heavy longbow.
 16098 | D:12     | 16098 ||| DROPPING +1 pair of gloves.
 16099 | D:12     | 16099 ||| DROPPING ring of positive energy.
 16100 | D:12     | 16100 ||| UPGRADING to +5 ring of evasion.
 16102 | D:12     | 16102 ||| DROPPING ring of resist corrosion.
 16103 | D:12     | 16103 ||| DROPPING ring of ice.
 16152 | D:13     | Found a runed translucent door.
 16152 | D:13     | Noticed qdestroyer's ghost (journeyman MiFi)
 16168 | D:13     | 16168 ||| INVOKING Heroism.
 16169 | D:13     | Noticed Erolcha
 16170 | D:13     | 16170 ||| INVOKING Finesse.
 16180 | D:13     | Killed Erolcha
 16792 | D:13     | Reached skill level 14 in Fighting
 16815 | D:13     | Found a runed translucent door.
 16932 | D:13     | Received a gift from Okawaru
 16946 | D:13     | Reached XP level 15. HP: 132/138 MP: 21/21
 16967 | D:13     | Found a gate to the Vaults.
 16975 | D:13     | Identified the +3 kite shield of Jeappeatit {rC+}
 17065 | D:13     | Noticed Rupert
 17065 | D:13     | Paralysed by Rupert for 3 turns
 17068 | D:13     | 17068 ||| INVOKING Heroism.
 17069 | D:13     | 17069 ||| INVOKING Finesse.
 17081 | D:13     | Killed Rupert
 17220 | D:13     | Noticed Azrael
 17221 | D:13     | 17221 ||| INVOKING Heroism.
 17222 | D:13     | 17222 ||| INVOKING Finesse.
 17223 | D:13     | 17223 ||| Stepping ~*~*~tactically~*~*~ (outnumbered).
 17231 | D:13     | Killed Azrael
 17472 | D:14     | 17472 ||| INVOKING Heroism.
 17659 | D:14     | Noticed a shadow dragon
 17664 | D:14     | 17664 ||| FLEEEEING.
 17665 | D:14     | 17665 ||| FLEEEEING.
 17666 | D:14     | 17666 ||| FLEEEEING.
 17671 | D:14     | 17671 ||| STAIRDANCE
 17785 | D:14     | 17785 ||| INVOKING Heroism.
 17804 | D:14     | 17804 ||| Stepping ~*~*~tactically~*~*~ (outnumbered).
 17806 | D:14     | Reached skill level 15 in Dodging
 17905 | D:14     | You fall into a shaft and drop 1 floor!
 17905 | D:15     | Entered Level 15 of the Dungeon
 17909 | D:15     | 17909 ||| INVOKING Heroism.
 17913 | D:15     | Paralysed by an ogre mage for 3 turns
 17935 | D:15     | Reached skill level 15 in Fighting
 18107 | D:15     | 18107 ||| DRINKING potion of cancellation.
 18108 | D:15     | 18108 ||| INVOKING Heroism.
 18112 | D:15     | Identified the +5 halberd of Victory {venom, Str+4}
                  | (Okawaru gifted it to you on level 15 of the Dungeon)
 18112 | D:15     | Received a gift from Okawaru
 18199 | D:15     | 18199 ||| INVOKING Heroism.
 18200 | D:15     | 18200 ||| INVOKING Finesse.
 18251 | D:15     | Found a staircase to the Depths.
 18284 | D:15     | 18284 ||| INVOKING Heroism.
 18381 | D:15     | 18381 ||| INVOKING Heroism.
 18382 | D:15     | 18382 ||| INVOKING Finesse.
 18621 | D:14     | 18621 ||| INVOKING Heroism.
 18622 | D:14     | 18622 ||| INVOKING Finesse.
 18637 | D:14     | Reached skill level 16 in Fighting
 18676 | D:14     | 18676 ||| INVOKING Heroism.
 18680 | D:14     | Killed a shadow dragon
 18778 | D:14     | Identified the ring "Doclism" {rN+ EV+5 Stlth+}
 18782 | D:14     | Identified the +8 chain mail of Boterch {+Blink rPois
                  | Str+2}
 18840 | D:14     | 18840 ||| UPGRADING to ring "Doclism" {rN+ EV+5 Stlth+}.
 18843 | D:14     | 18843 ||| DROPPING +6 ring of intelligence.
 18849 | D:14     | 18849 ||| DROPPING ring of flight.
 18850 | D:14     | 18850 ||| DROPPING +5 ring of evasion.
 18852 | D:14     | 18852 ||| DRINKING 2 bubbling black potions.
 18853 | D:14     | 18853 ||| DROPPING potion of enlightenment.
 18857 | D:14     | 18857 ||| INVOKING Heroism.
 18858 | D:14     | 18858 ||| INVOKING Finesse.
 19124 | D:14     | 19124 ||| INVOKING Heroism.
 19181 | D:14     | 19181 ||| UPGRADING to +0 cloak.
 19266 | D:15     | 19266 ||| INVOKING Heroism.
 19267 | D:15     | 19267 ||| INVOKING Finesse.
 19454 | D:15     | Reached skill level 6 in Armour
 19460 | D:15     | Reached XP level 16. HP: 143/151 MP: 22/22
 19578 | D:15     | Found a viscous altar of Jiyva.
 19677 | D:15     | 19677 ||| PLANNING ORC
 19790 | D:11     | Received a gift from Okawaru
 19803 | Orc:1    | Entered Level 1 of the Orcish Mines
 19807 | Orc:1    | 19807 ||| Stepping ~*~*~tactically~*~*~ (outnumbered).
 19814 | Orc:1    | 19814 ||| Stepping ~*~*~tactically~*~*~ (outnumbered).
 19838 | Orc:1    | 19838 ||| Stepping ~*~*~tactically~*~*~ (outnumbered).
 19840 | Orc:1    | 19840 ||| Stepping ~*~*~tactically~*~*~ (outnumbered).
 19843 | Orc:1    | 19843 ||| Stepping ~*~*~tactically~*~*~ (outnumbered).
 19845 | Orc:1    | 19845 ||| Stepping ~*~*~tactically~*~*~ (outnumbered).
 19851 | Orc:1    | 19851 ||| INVOKING Heroism.
 19854 | Orc:1    | 19854 ||| Stepping ~*~*~tactically~*~*~ (outnumbered).
 19855 | Orc:1    | 19855 ||| Stepping ~*~*~tactically~*~*~ (outnumbered).
 19890 | Orc:1    | 19890 ||| INVOKING Heroism.
 19931 | Orc:1    | Found Ywnaidov's Magic Scroll Shoppe.
 19942 | Orc:1    | 19942 ||| BUYING scroll of identify (24 gold).
 19942 | Orc:1    | Bought a scroll of identify for 24 gold pieces
 19942 | Orc:1    | 19942 ||| BUYING scroll of identify (24 gold).
 19942 | Orc:1    | Bought a scroll of identify for 24 gold pieces
 19942 | Orc:1    | 19942 ||| BUYING scroll of identify (24 gold).
 19942 | Orc:1    | Bought a scroll of identify for 24 gold pieces
 19942 | Orc:1    | 19942 ||| BUYING scroll of identify (24 gold).
 19942 | Orc:1    | Bought a scroll of identify for 24 gold pieces
 19942 | Orc:1    | 19942 ||| BUYING scroll of teleportation (36 gold).
 19942 | Orc:1    | Bought a scroll of teleportation for 36 gold pieces
 19985 | Orc:1    | 19985 ||| Stepping ~*~*~tactically~*~*~ (outnumbered).
 19986 | Orc:1    | 19986 ||| Stepping ~*~*~tactically~*~*~ (outnumbered).
 20038 | Orc:1    | Found Umuhyt's Magic Scroll Emporium.
 20041 | Orc:1    | 20041 ||| BUYING scroll of identify (32 gold).
 20041 | Orc:1    | Bought a scroll of identify for 32 gold pieces
 20041 | Orc:1    | 20041 ||| BUYING scroll of identify (32 gold).
 20041 | Orc:1    | Bought a scroll of identify for 32 gold pieces
 20041 | Orc:1    | 20041 ||| BUYING scroll of identify (32 gold).
 20041 | Orc:1    | Bought a scroll of identify for 32 gold pieces
 20041 | Orc:1    | 20041 ||| BUYING scroll of teleportation (48 gold).
 20041 | Orc:1    | Bought a scroll of teleportation for 48 gold pieces
 20041 | Orc:1    | 20041 ||| BUYING scroll of teleportation (48 gold).
 20041 | Orc:1    | Bought a scroll of teleportation for 48 gold pieces
 20223 | Orc:2    | Entered Level 2 of the Orcish Mines
 20223 | Orc:2    | Found a staircase to the Elven Halls.
 20224 | Orc:2    | 20224 ||| INVOKING Heroism.
 20226 | Orc:2    | 20226 ||| Stepping ~*~*~tactically~*~*~ (outnumbered).
 20236 | Orc:2    | Noticed Sonja
 20244 | Orc:2    | Killed Sonja
 20372 | Orc:2    | 20372 ||| INVOKING Heroism.
 20376 | Orc:2    | Noticed Maurice
 20383 | Orc:2    | Killed Maurice
 20404 | Orc:2    | 20404 ||| FLEEEEING.
 20405 | Orc:2    | 20405 ||| FLEEEEING.
 20406 | Orc:2    | 20406 ||| FLEEEEING.
 20407 | Orc:2    | 20407 ||| FLEEEEING.
 20417 | Orc:2    | 20417 ||| FLEEEEING.
 20418 | Orc:2    | 20418 ||| FLEEEEING.
 20419 | Orc:2    | 20419 ||| FLEEEEING.
 20420 | Orc:2    | 20420 ||| INVOKING Heroism.
 20421 | Orc:2    | 20421 ||| FLEEEEING.
 20431 | Orc:2    | 20431 ||| STAIRDANCE
 20773 | Orc:2    | 20773 ||| Stepping ~*~*~tactically~*~*~ (outnumbered).
 20881 | Orc:2    | Noticed Urug
 20882 | Orc:2    | 20882 ||| INVOKING Heroism.
 20886 | Orc:2    | 20886 ||| Stepping ~*~*~tactically~*~*~ (outnumbered).
 20890 | Orc:2    | Killed Urug
 21041 | Orc:2    | Found Ketus's Antique Armour Shop.
 21043 | Orc:2    | Found Ulitaul's Antique Weapon Boutique.
 21050 | Orc:2    | 21050 ||| BUYING embroidered hat (112 gold).
 21050 | Orc:2    | Bought an embroidered hat for 112 gold pieces
 21127 | Orc:2    | 21127 ||| INVOKING Heroism.
 21205 | Orc:2    | Found Zuarut's Magic Scroll Shoppe.
 21210 | Orc:2    | 21210 ||| BUYING scroll of brand weapon (133 gold).
 21210 | Orc:2    | Bought a scroll of brand weapon for 133 gold pieces
 21210 | Orc:2    | 21210 ||| BUYING scroll of identify (28 gold).
 21210 | Orc:2    | Bought a scroll of identify for 28 gold pieces
 21210 | Orc:2    | 21210 ||| BUYING scroll of identify (28 gold).
 21210 | Orc:2    | Bought a scroll of identify for 28 gold pieces
 21210 | Orc:2    | 21210 ||| READING scroll of brand weapon.
 21210 | Orc:2    | 21210 ||| BRANDING +5 heavy longbow.
 21289 | Orc:2    | Found Qamn's Antique Armour Boutique.
 21346 | Orc:2    | 21346 ||| Stepping ~*~*~tactically~*~*~ (outnumbered).
 21348 | Orc:2    | 21348 ||| Stepping ~*~*~tactically~*~*~ (outnumbered).
 21350 | Orc:2    | 21350 ||| Stepping ~*~*~tactically~*~*~ (outnumbered).
 21352 | Orc:2    | 21352 ||| Stepping ~*~*~tactically~*~*~ (outnumbered).
 21354 | Orc:2    | 21354 ||| Stepping ~*~*~tactically~*~*~ (outnumbered).
 21356 | Orc:2    | 21356 ||| Stepping ~*~*~tactically~*~*~ (outnumbered).
 21359 | Orc:2    | 21359 ||| Stepping ~*~*~tactically~*~*~ (outnumbered).
 21461 | Orc:2    | 21461 ||| PLANNING SNAKE:1-3
 21461 | Orc:2    | 21461 ||| UPGRADING to +1 cloak of willpower.
 21471 | Orc:2    | 21471 ||| DROPPING +0 cloak.
 21472 | Orc:2    | 21472 ||| DROPPING +2 hat of intelligence.
 21673 | Snake:1  | Entered Level 1 of the Snake Pit
 21684 | Snake:1  | Reached skill level 17 in Fighting
 21732 | Snake:1  | 21732 ||| FLEEEEING.
 21737 | Snake:1  | 21737 ||| STAIRDANCE
 21905 | Snake:1  | Found Pakor's Antique Weapon Emporium.
 21907 | Snake:1  | Identified the +0 scale mail of the Wilderness {Int+2
                  | Dex+3} (Okawaru gifted it to you on level 1 of the Snake
                  | Pit)
 21907 | Snake:1  | Received a gift from Okawaru
 21949 | Snake:1  | 21949 ||| INVOKING Heroism.
 21988 | Snake:1  | 21988 ||| Stepping ~*~*~tactically~*~*~ (outnumbered).
 21990 | Snake:1  | 21990 ||| Stepping ~*~*~tactically~*~*~ (outnumbered).
 21998 | Snake:1  | Reached skill level 18 in Dodging
 22001 | Snake:1  | 22001 ||| Stepping ~*~*~tactically~*~*~ (outnumbered).
 22011 | Snake:1  | 22011 ||| INVOKING Heroism.
 22056 | Snake:1  | Noticed Asterion
 22057 | Snake:1  | 22057 ||| INVOKING Finesse.
 22067 | Snake:1  | Killed Asterion
 22099 | Snake:1  | 22099 ||| INVOKING Heroism.
 22249 | Snake:1  | 22249 ||| INVOKING Heroism.
 22251 | Snake:1  | 22251 ||| Stepping ~*~*~tactically~*~*~ (outnumbered).
 22278 | Snake:1  | 22278 ||| Stepping ~*~*~tactically~*~*~ (outnumbered).
 22279 | Snake:1  | 22279 ||| Stepping ~*~*~tactically~*~*~ (outnumbered).
 22294 | Snake:1  | Reached skill level 18 in Fighting
 22369 | Snake:1  | Found Zov Toj's Magic Scroll Shoppe.
 22373 | Snake:1  | Found Jumm's Distillery.
 22373 | Snake:1  | Found Haqeud's Antique Armour Emporium.
 22378 | Snake:1  | 22378 ||| BUYING scroll of enchant armour (97 gold).
 22378 | Snake:1  | Bought a scroll of enchant armour for 97 gold pieces
 22378 | Snake:1  | 22378 ||| BUYING scroll of enchant weapon (97 gold).
 22378 | Snake:1  | Bought a scroll of enchant weapon for 97 gold pieces
 22378 | Snake:1  | 22378 ||| BUYING scroll of teleportation (39 gold).
 22378 | Snake:1  | Bought a scroll of teleportation for 39 gold pieces
 22378 | Snake:1  | 22378 ||| BUYING scroll of teleportation (39 gold).
 22378 | Snake:1  | Bought a scroll of teleportation for 39 gold pieces
 22378 | Snake:1  | 22378 ||| READING scroll of enchant armour.
 22378 | Snake:1  | 22378 ||| ENCHANTING +1 cloak of willpower.
 22379 | Snake:1  | 22379 ||| READING scroll of enchant weapon.
 22379 | Snake:1  | 22379 ||| ENCHANTING +5 longbow of freezing.
 22380 | Snake:1  | Found Tupuhar's Jewellery Emporium.
 22383 | Snake:1  | 22383 ||| BUYING potion of curing (51 gold).
 22383 | Snake:1  | Bought a potion of curing for 51 gold pieces
 22383 | Snake:1  | 22383 ||| BUYING potion of curing (51 gold).
 22383 | Snake:1  | Bought a potion of curing for 51 gold pieces
 22383 | Snake:1  | 22383 ||| BUYING potion of curing (51 gold).
 22383 | Snake:1  | Bought a potion of curing for 51 gold pieces
 22383 | Snake:1  | 22383 ||| BUYING potion of heal wounds (85 gold).
 22383 | Snake:1  | Bought a potion of heal wounds for 85 gold pieces
 22383 | Snake:1  | 22383 ||| BUYING potion of resistance (170 gold).
 22383 | Snake:1  | Bought a potion of resistance for 170 gold pieces
 22386 | Snake:1  | 22386 ||| BUYING amulet of reflection (420 gold).
 22386 | Snake:1  | Bought an amulet of reflection for 420 gold pieces
 22386 | Snake:1  | 22386 ||| SHOPLISTING ring "Guxiagiu" {rPois rF+ Str+2
                  | Int-2} (506 gold, have 221).
 22386 | Snake:1  | 22386 ||| SHOPLISTING ring of Foriofa {rElec SInv} (406
                  | gold, have 221).
 22396 | Snake:1  | 22396 ||| INVOKING Heroism.
 22458 | Snake:1  | 22458 ||| INVOKING Heroism.
 22692 | Snake:2  | 22692 ||| INVOKING Heroism.
 22748 | Snake:2  | Found a frozen archway.
 22758 | Snake:2  | 22758 ||| Stepping ~*~*~tactically~*~*~ (outnumbered).
 22765 | Snake:2  | 22765 ||| Stepping ~*~*~tactically~*~*~ (outnumbered).
 22767 | Snake:2  | 22767 ||| Stepping ~*~*~tactically~*~*~ (outnumbered).
 22780 | Snake:2  | Identified the +5 arbalest "Ceodayt" {penet, rPois rC-
                  | Str+6}
 22815 | Snake:2  | 22815 ||| INVOKING Heroism.
 22862 | Snake:2  | Noticed Nikola
 22863 | Snake:2  | 22863 ||| INVOKING Heroism.
 22864 | Snake:2  | 22864 ||| INVOKING Finesse.
 22877 | Snake:2  | Killed Nikola
 22878 | Snake:2  | Reached XP level 17. HP: 163/163 MP: 16/23
 22933 | Snake:2  | Found a transporter.
 22940 | Snake:2  | Noticed Elinuc's ghost (adept DEHW)
 22940 | Snake:2  | Found a transporter.
 22960 | Snake:2  | 22960 ||| INVOKING Heroism.
 23048 | Snake:2  | 23048 ||| Stepping ~*~*~tactically~*~*~ (outnumbered).
 23132 | Snake:2  | 23132 ||| INVOKING Heroism.
 23170 | Snake:2  | Identified the +9 battleaxe of Xocec {speed, rElec}
                  | (Okawaru gifted it to you on level 2 of the Snake Pit)
 23170 | Snake:2  | Received a gift from Okawaru
 23184 | Snake:2  | 23184 ||| INVOKING Heroism.
 23584 | Snake:3  | 23584 ||| INVOKING Heroism.
 23588 | Snake:3  | 23588 ||| Stepping ~*~*~tactically~*~*~ (outnumbered).
 23603 | Snake:3  | Reached skill level 19 in Fighting
 23730 | Snake:3  | 23730 ||| Stepping ~*~*~tactically~*~*~ (outnumbered).
 23734 | Snake:3  | 23734 ||| INVOKING Heroism.
 23735 | Snake:3  | 23735 ||| Stepping ~*~*~tactically~*~*~ (outnumbered).
 23869 | Snake:3  | 23869 ||| Stepping ~*~*~tactically~*~*~ (outnumbered).
 24145 | Snake:3  | 24145 ||| Stepping ~*~*~tactically~*~*~ (outnumbered).
 24149 | Snake:3  | 24149 ||| Stepping ~*~*~tactically~*~*~ (outnumbered).
 24151 | Snake:3  | 24151 ||| Stepping ~*~*~tactically~*~*~ (outnumbered).
 24155 | Snake:3  | 24155 ||| Stepping ~*~*~tactically~*~*~ (outnumbered).
 24179 | Snake:3  | 24179 ||| DROPPING +0 shortbow of flaming.
 24329 | Snake:3  | 24329 ||| Stepping ~*~*~tactically~*~*~ (outnumbered).
 24331 | Snake:3  | 24331 ||| Stepping ~*~*~tactically~*~*~ (outnumbered).
 24333 | Snake:3  | 24333 ||| Stepping ~*~*~tactically~*~*~ (outnumbered).
 24335 | Snake:3  | 24335 ||| Stepping ~*~*~tactically~*~*~ (outnumbered).
 24337 | Snake:3  | 24337 ||| Stepping ~*~*~tactically~*~*~ (outnumbered).
 24339 | Snake:3  | 24339 ||| Stepping ~*~*~tactically~*~*~ (outnumbered).
 24346 | Snake:3  | 24346 ||| Stepping ~*~*~tactically~*~*~ (outnumbered).
 24429 | Snake:3  | 24429 ||| Stepping ~*~*~tactically~*~*~ (outnumbered).
 24432 | Snake:3  | 24432 ||| INVOKING Heroism.
 24439 | Snake:3  | 24439 ||| Stepping ~*~*~tactically~*~*~ (outnumbered).
 24649 | Snake:3  | 24649 ||| Stepping ~*~*~tactically~*~*~ (outnumbered).
 24651 | Snake:3  | 24651 ||| Stepping ~*~*~tactically~*~*~ (outnumbered).
 24653 | Snake:3  | 24653 ||| Stepping ~*~*~tactically~*~*~ (outnumbered).
 24655 | Snake:3  | 24655 ||| Stepping ~*~*~tactically~*~*~ (outnumbered).
 24657 | Snake:3  | 24657 ||| Stepping ~*~*~tactically~*~*~ (outnumbered).
 24809 | Snake:3  | Reached ****** piety under Okawaru
 24833 | Snake:3  | 24833 ||| PLANNING SWAMP:1-3
 24981 | Swamp:1  | Entered Level 1 of the Swamp
 25028 | Swamp:1  | 25028 ||| Stepping ~*~*~tactically~*~*~ (water).
 25061 | Swamp:1  | 25061 ||| INVOKING Heroism.
 25088 | Swamp:1  | 25088 ||| Stepping ~*~*~tactically~*~*~ (water).
 25104 | Swamp:1  | 25104 ||| INVOKING Heroism.
 25206 | Swamp:1  | 25206 ||| Stepping ~*~*~tactically~*~*~ (water).
 25272 | Swamp:1  | 25272 ||| Stepping ~*~*~tactically~*~*~ (water).
 25301 | Swamp:1  | 25301 ||| INVOKING Heroism.
 25441 | Swamp:1  | 25441 ||| Stepping ~*~*~tactically~*~*~ (water).
 25446 | Swamp:1  | 25446 ||| INVOKING Heroism.
 25447 | Swamp:1  | 25447 ||| Stepping ~*~*~tactically~*~*~ (water).
 25450 | Swamp:1  | Identified the +9 triple crossbow of the Enchanted Forest
                  | {flame, rC+ rN+ MP+9 Int-4} (Okawaru gifted it to you on
                  | level 1 of the Swamp)
 25450 | Swamp:1  | Received a gift from Okawaru
 25512 | Swamp:1  | 25512 ||| SWAPPING to +9 triple crossbow of the Enchanted
                  | Forest {flame, rC+ rN+ MP+9 Int-4}.
 25513 | Swamp:1  | 25513 ||| DROPPING +6 longbow of freezing.
 25514 | Swamp:1  | 25514 ||| DROPPING +3 shortbow of flaming.
 25824 | Swamp:2  | 25824 ||| INVOKING Heroism.
 25933 | Swamp:2  | 25933 ||| Stepping ~*~*~tactically~*~*~ (cloud).
 26071 | Swamp:2  | 26071 ||| STAIRDANCE
 26142 | Swamp:2  | 26142 ||| INVOKING Heroism.
 26283 | Swamp:2  | 26283 ||| Stepping ~*~*~tactically~*~*~ (water).
 26408 | Swamp:3  | 26408 ||| INVOKING Heroism.
 26490 | Swamp:3  | 26490 ||| Stepping ~*~*~tactically~*~*~ (water).
 26499 | Swamp:3  | 26499 ||| Stepping ~*~*~tactically~*~*~ (water).
 26644 | Swamp:3  | 26644 ||| Stepping ~*~*~tactically~*~*~ (water).
 26877 | Swamp:3  | 26877 ||| PLANNING SNAKE:4
 27090 | Snake:4  | Entered Level 4 of the Snake Pit
 27091 | Snake:4  | 27091 ||| Stepping ~*~*~tactically~*~*~ (outnumbered).
 27093 | Snake:4  | Reached XP level 18. HP: 178/178 MP: 24/24
 27109 | Snake:4  | Reached skill level 21 in Ranged Weapons
 27120 | Snake:4  | Received a gift from Okawaru
 27265 | Snake:4  | Identified the ring "Jeche" {MP+9 Str+5 Dex+2}
 27313 | Snake:4  | 27313 ||| INVOKING Heroism.
 27369 | Snake:4  | Found a sparkling altar of Nemelex Xobeh.
 27539 | Snake:4  | 27539 ||| INVOKING Heroism.
 27552 | Snake:4  | Noticed Vashnia
 27554 | Snake:4  | Killed Vashnia
 27600 | Snake:4  | 27600 ||| INVOKING Heroism.
 27746 | Snake:4  | 27746 ||| INVOKING Heroism.
 27747 | Snake:4  | 27747 ||| Stepping ~*~*~tactically~*~*~ (outnumbered).
 27774 | Snake:4  | Reached skill level 20 in Fighting
 27775 | Snake:4  | HP: 42/178 [guardian serpent (13)]
 27776 | Snake:4  | 27776 ||| READING 17 scrolls of teleportation.
 27777 | Snake:4  | 27777 ||| DRINKING 4 potions of heal wounds.
 27778 | Snake:4  | 27778 ||| DRINKING 3 potions of heal wounds.
 27779 | Snake:4  | 27779 ||| INVOKING Heroism.
 27900 | Snake:4  | 27900 ||| INVOKING Heroism.
 28050 | Snake:4  | 28050 ||| INVOKING Heroism.
 28051 | Snake:4  | 28051 ||| Stepping ~*~*~tactically~*~*~ (outnumbered).
 28057 | Snake:4  | 28057 ||| Stepping ~*~*~tactically~*~*~ (outnumbered).
 28230 | Snake:4  | 28230 ||| INVOKING Heroism.
 28252 | Snake:4  | Received a gift from Okawaru
 28270 | Snake:4  | 28270 ||| FLEEEEING.
 28271 | Snake:4  | 28271 ||| FLEEEEING.
 28469 | Snake:4  | Got a serpentine rune of Zot
 28615 | Snake:4  | 28615 ||| PLANNING VAULTS:1-4
 28615 | Snake:4  | 28615 ||| DROPPING +0 cloak of stealth.
 28616 | Snake:4  | 28616 ||| DROPPING ring "Jeche" {MP+9 Str+5 Dex+2}.
 28617 | Snake:4  | 28617 ||| READING 15 scrolls of identify.
 28617 | Snake:4  | 28617 ||| IDENTIFYING sedimented white potion
 28618 | Snake:4  | 28618 ||| DROPPING potion of attraction.
 28946 | Vaults:1 | Entered Level 1 of the Vaults
 28953 | Vaults:1 | 28953 ||| DRINKING 2 potions of resistance.
 29039 | Vaults:1 | 29039 ||| INVOKING Finesse.
 29135 | Vaults:1 | 29135 ||| FLEEEEING.
 29142 | Vaults:1 | 29142 ||| FLEEEEING.
 29143 | Vaults:1 | 29143 ||| FLEEEEING.
 29144 | Vaults:1 | 29144 ||| FLEEEEING.
 29145 | Vaults:1 | 29145 ||| FLEEEEING.
 29146 | Vaults:1 | 29146 ||| FLEEEEING.
 29147 | Vaults:1 | 29147 ||| FLEEEEING.
 29148 | Vaults:1 | 29148 ||| FLEEEEING.
 29149 | Vaults:1 | 29149 ||| FLEEEEING.
 29150 | Vaults:1 | 29150 ||| FLEEEEING.
 29151 | Vaults:1 | 29151 ||| FLEEEEING.
 29152 | Vaults:1 | 29152 ||| FLEEEEING.
 29153 | Vaults:1 | 29153 ||| FLEEEEING.
 29154 | Vaults:1 | 29154 ||| FLEEEEING.
 29155 | Vaults:1 | 29155 ||| FLEEEEING.
 29156 | Vaults:1 | 29156 ||| FLEEEEING.
 29157 | Vaults:1 | 29157 ||| FLEEEEING.
 29158 | Vaults:1 | 29158 ||| FLEEEEING.
 29159 | Vaults:1 | 29159 ||| FLEEEEING.
 29160 | Vaults:1 | 29160 ||| FLEEEEING.
 29161 | Vaults:1 | 29161 ||| FLEEEEING.
 29162 | Vaults:1 | 29162 ||| FLEEEEING.
 29163 | Vaults:1 | 29163 ||| FLEEEEING.
 29164 | Vaults:1 | 29164 ||| FLEEEEING.
 29170 | Vaults:1 | Reached skill level 21 in Dodging
 29296 | Vaults:1 | 29296 ||| FLEEEEING.
 29297 | Vaults:1 | 29297 ||| FLEEEEING.
 29298 | Vaults:1 | 29298 ||| FLEEEEING.
 29299 | Vaults:1 | 29299 ||| FLEEEEING.
 29300 | Vaults:1 | 29300 ||| FLEEEEING.
 29301 | Vaults:1 | 29301 ||| FLEEEEING.
 29302 | Vaults:1 | 29302 ||| FLEEEEING.
 29303 | Vaults:1 | 29303 ||| FLEEEEING.
 29304 | Vaults:1 | 29304 ||| FLEEEEING.
 29305 | Vaults:1 | 29305 ||| FLEEEEING.
 29306 | Vaults:1 | 29306 ||| FLEEEEING.
 29307 | Vaults:1 | 29307 ||| FLEEEEING.
 29308 | Vaults:1 | 29308 ||| FLEEEEING.
 29309 | Vaults:1 | 29309 ||| FLEEEEING.
 29310 | Vaults:1 | 29310 ||| FLEEEEING.
 29311 | Vaults:1 | 29311 ||| FLEEEEING.
 29312 | Vaults:1 | 29312 ||| FLEEEEING.
 29313 | Vaults:1 | 29313 ||| FLEEEEING.
 29314 | Vaults:1 | 29314 ||| FLEEEEING.
 29315 | Vaults:1 | 29315 ||| FLEEEEING.
 29316 | Vaults:1 | 29316 ||| FLEEEEING.
 29317 | Vaults:1 | 29317 ||| FLEEEEING.
 29318 | Vaults:1 | 29318 ||| FLEEEEING.
 29319 | Vaults:1 | 29319 ||| FLEEEEING.
 29325 | Vaults:1 | 29325 ||| FLEEEEING.
 29326 | Vaults:1 | 29326 ||| FLEEEEING.
 29327 | Vaults:1 | 29327 ||| FLEEEEING.
 29328 | Vaults:1 | 29328 ||| FLEEEEING.
 29329 | Vaults:1 | 29329 ||| FLEEEEING.
 29330 | Vaults:1 | 29330 ||| FLEEEEING.
 29331 | Vaults:1 | 29331 ||| FLEEEEING.
 29332 | Vaults:1 | 29332 ||| FLEEEEING.
 29333 | Vaults:1 | 29333 ||| FLEEEEING.
 29334 | Vaults:1 | 29334 ||| FLEEEEING.
 29335 | Vaults:1 | 29335 ||| FLEEEEING.
 29336 | Vaults:1 | 29336 ||| FLEEEEING.
 29337 | Vaults:1 | 29337 ||| FLEEEEING.
 29338 | Vaults:1 | 29338 ||| FLEEEEING.
 29339 | Vaults:1 | 29339 ||| FLEEEEING.
 29340 | Vaults:1 | 29340 ||| FLEEEEING.
 29341 | Vaults:1 | 29341 ||| FLEEEEING.
 29342 | Vaults:1 | 29342 ||| FLEEEEING.
 29343 | Vaults:1 | 29343 ||| FLEEEEING.
 29344 | Vaults:1 | 29344 ||| FLEEEEING.
 29349 | Vaults:1 | 29349 ||| FLEEEEING.
 29350 | Vaults:1 | 29350 ||| FLEEEEING.
 29351 | Vaults:1 | 29351 ||| FLEEEEING.
 29352 | Vaults:1 | 29352 ||| STAIRDANCE
 29555 | Vaults:1 | 29555 ||| INVOKING Heroism.
 29556 | Vaults:1 | 29556 ||| INVOKING Finesse.
 29703 | Vaults:1 | You fall into a shaft and drop 1 floor!
 29734 | Vaults:2 | Noticed Xtahua
 29739 | Vaults:2 | Killed Xtahua
 29739 | Vaults:2 | Received a gift from Okawaru
 29740 | Vaults:2 | 29740 ||| Stepping ~*~*~tactically~*~*~ (cloud).
 29905 | Vaults:1 | Reached skill level 21 in Fighting
 29913 | Vaults:1 | 29913 ||| Stepping ~*~*~tactically~*~*~ (outnumbered).
 30037 | Vaults:1 | 30037 ||| READING scroll of acquirement.
 30037 | Vaults:1 | 30037 ||| ACQUIRING 944 gold pieces
 30037 | Vaults:1 | Acquired 944 gold pieces
 30105 | Vaults:1 | 30105 ||| INVOKING Heroism.
 30106 | Vaults:1 | 30106 ||| INVOKING Finesse.
 30110 | Vaults:1 | Reached skill level 9 in Armour
 30194 | Vaults:1 | Reached XP level 19. HP: 189/189 MP: 25/25
 30274 | Vaults:1 | Found a runed translucent gate.
 30275 | Vaults:1 | Found a runed translucent gate.
 30275 | Vaults:1 | Found a runed translucent gate.
 30276 | Vaults:1 | Noticed Nornya's ghost (veteran MfSu)
 30277 | Vaults:1 | Found an iron altar of Okawaru.
 30562 | Vaults:2 | 30562 ||| Stepping ~*~*~tactically~*~*~ (outnumbered).
 30563 | Vaults:2 | 30563 ||| Stepping ~*~*~tactically~*~*~ (outnumbered).
 30565 | Vaults:2 | 30565 ||| Stepping ~*~*~tactically~*~*~ (outnumbered).
 30567 | Vaults:2 | 30567 ||| Stepping ~*~*~tactically~*~*~ (outnumbered).
 30581 | Vaults:2 | 30581 ||| FLEEEEING.
 30584 | Vaults:2 | 30584 ||| FLEEEEING.
 30585 | Vaults:2 | 30585 ||| STAIRDANCE
 30788 | Vaults:2 | Found Moxolo's Armour Emporium.
 30830 | Vaults:2 | 30830 ||| INVOKING Heroism.
 30831 | Vaults:2 | 30831 ||| INVOKING Finesse.
 30838 | Vaults:2 | 30838 ||| Stepping ~*~*~tactically~*~*~ (outnumbered).
 31021 | Vaults:2 | Found a staircase to the Crypt.
 31021 | Vaults:2 | Found a basalt altar of Yredelemnul.
 31021 | Vaults:2 | Found an ancient bone altar of Kikubaaqudgha.
 31033 | Vaults:2 | 31033 ||| Stepping ~*~*~tactically~*~*~ (outnumbered).
 31035 | Vaults:2 | 31035 ||| Stepping ~*~*~tactically~*~*~ (outnumbered).
 31037 | Vaults:2 | 31037 ||| Stepping ~*~*~tactically~*~*~ (outnumbered).
 31039 | Vaults:2 | 31039 ||| Stepping ~*~*~tactically~*~*~ (outnumbered).
 31041 | Vaults:2 | 31041 ||| Stepping ~*~*~tactically~*~*~ (outnumbered).
 31043 | Vaults:2 | 31043 ||| Stepping ~*~*~tactically~*~*~ (outnumbered).
 31046 | Vaults:2 | 31046 ||| Stepping ~*~*~tactically~*~*~ (outnumbered).
 31048 | Vaults:2 | 31048 ||| Stepping ~*~*~tactically~*~*~ (outnumbered).
 31049 | Vaults:2 | Received a gift from Okawaru
 31114 | Vaults:2 | Noticed Boris
 31115 | Vaults:2 | 31115 ||| INVOKING Heroism.
 31116 | Vaults:2 | 31116 ||| INVOKING Finesse.
 31118 | Vaults:2 | Killed Boris
 31284 | Vaults:2 | Noticed Margery
 31285 | Vaults:2 | 31285 ||| Stepping ~*~*~tactically~*~*~ (outnumbered).
 31291 | Vaults:2 | 31291 ||| Stepping ~*~*~tactically~*~*~ (outnumbered).
 31298 | Vaults:2 | Killed Margery
 31301 | Vaults:2 | 31301 ||| INVOKING Heroism.
 31304 | Vaults:2 | HP: 46/189 [hell knight/+0 demon whip[Margery] (2)]
 31305 | Vaults:2 | 31305 ||| READING 18 scrolls of teleportation.
 31306 | Vaults:2 | 31306 ||| DRINKING 2 potions of heal wounds.
 31400 | Vaults:2 | 31400 ||| INVOKING Heroism.
 31828 | Vaults:2 | 31828 ||| DROPPING scarf of invisibility.
 31829 | Vaults:2 | 31829 ||| UPGRADING to +0 pair of boots of rampaging.
 31908 | Vaults:3 | 31908 ||| DRINKING 2 potions of resistance.
 31916 | Vaults:3 | 31916 ||| INVOKING Heroism.
 32042 | Vaults:3 | 32042 ||| INVOKING Heroism.
 32142 | Vaults:3 | Found Nuolit's Magic Scroll Emporium.
 32146 | Vaults:3 | 32146 ||| BUYING scroll of enchant armour (112 gold).
 32146 | Vaults:3 | Bought a scroll of enchant armour for 112 gold pieces
 32146 | Vaults:3 | 32146 ||| BUYING scroll of teleportation (45 gold).
 32146 | Vaults:3 | Bought a scroll of teleportation for 45 gold pieces
 32146 | Vaults:3 | 32146 ||| BUYING scroll of teleportation (45 gold).
 32146 | Vaults:3 | Bought a scroll of teleportation for 45 gold pieces
 32146 | Vaults:3 | 32146 ||| BUYING scroll of teleportation (45 gold).
 32146 | Vaults:3 | Bought a scroll of teleportation for 45 gold pieces
 32146 | Vaults:3 | 32146 ||| BUYING scroll of teleportation (45 gold).
 32146 | Vaults:3 | Bought a scroll of teleportation for 45 gold pieces
 32146 | Vaults:3 | 32146 ||| READING scroll of enchant armour.
 32146 | Vaults:3 | 32146 ||| ENCHANTING +0 pair of boots of rampaging.
 32212 | Vaults:3 | Reached skill level 22 in Fighting
 32255 | Vaults:3 | Found Ruicefack's Assorted Antiques.
 32270 | Vaults:3 | 32270 ||| BUYING potion of curing (108 gold).
 32270 | Vaults:3 | Bought a potion of curing for 108 gold pieces
 32270 | Vaults:3 | 32270 ||| BUYING potion of haste (360 gold).
 32270 | Vaults:3 | Bought a potion of haste for 360 gold pieces
 32276 | Vaults:3 | 32276 ||| Stepping ~*~*~tactically~*~*~ (outnumbered).
 32365 | Vaults:3 | 32365 ||| Stepping ~*~*~tactically~*~*~ (outnumbered).
 32568 | Vaults:3 | 32568 ||| FLEEEEING.
 32571 | Vaults:3 | 32571 ||| FLEEEEING.
 32572 | Vaults:3 | 32572 ||| FLEEEEING.
 32573 | Vaults:3 | 32573 ||| FLEEEEING.
 32574 | Vaults:3 | 32574 ||| FLEEEEING.
 32575 | Vaults:3 | 32575 ||| FLEEEEING.
 32576 | Vaults:3 | 32576 ||| FLEEEEING.
 32577 | Vaults:3 | 32577 ||| FLEEEEING.
 32578 | Vaults:3 | 32578 ||| FLEEEEING.
 32579 | Vaults:3 | 32579 ||| FLEEEEING.
 32580 | Vaults:3 | 32580 ||| FLEEEEING.
 32581 | Vaults:3 | 32581 ||| FLEEEEING.
 32582 | Vaults:3 | 32582 ||| FLEEEEING.
 32583 | Vaults:3 | 32583 ||| FLEEEEING.
 32584 | Vaults:3 | 32584 ||| FLEEEEING.
 32585 | Vaults:3 | 32585 ||| FLEEEEING.
 32590 | Vaults:3 | 32590 ||| FLEEEEING.
 32591 | Vaults:3 | 32591 ||| FLEEEEING.
 32592 | Vaults:3 | 32592 ||| FLEEEEING.
 32599 | Vaults:3 | 32599 ||| FLEEEEING.
 32600 | Vaults:3 | Received a gift from Okawaru
 32602 | Vaults:3 | 32602 ||| Stepping ~*~*~tactically~*~*~ (outnumbered).
 32604 | Vaults:3 | 32604 ||| Stepping ~*~*~tactically~*~*~ (outnumbered).
 32606 | Vaults:3 | 32606 ||| Stepping ~*~*~tactically~*~*~ (outnumbered).
 32608 | Vaults:3 | 32608 ||| Stepping ~*~*~tactically~*~*~ (outnumbered).
 32840 | Vaults:3 | 32840 ||| DRINKING potion of resistance.
 33008 | Vaults:3 | 33008 ||| Stepping ~*~*~tactically~*~*~ (outnumbered).
 33009 | Vaults:3 | 33009 ||| Stepping ~*~*~tactically~*~*~ (outnumbered).
 33142 | Vaults:3 | 33142 ||| FLEEEEING.
 33143 | Vaults:3 | 33143 ||| FLEEEEING.
 33160 | Vaults:3 | Reached skill level 23 in Fighting
 33262 | Vaults:3 | 33262 ||| INVOKING Finesse.
 33452 | Vaults:4 | 33452 ||| INVOKING Heroism.
 33589 | Vaults:4 | Reached XP level 20. HP: 204/204 MP: 26/26
 33868 | Vaults:4 | Reached skill level 24 in Fighting
 33878 | Vaults:4 | 33878 ||| FLEEEEING.
 33885 | Vaults:4 | 33885 ||| INVOKING Heroism.
 34086 | Vaults:4 | Reached skill level 12 in Armour
 34122 | Vaults:4 | 34122 ||| Stepping ~*~*~tactically~*~*~ (outnumbered).
 34124 | Vaults:4 | 34124 ||| Stepping ~*~*~tactically~*~*~ (outnumbered).
 34134 | Vaults:4 | Received a gift from Okawaru
 34386 | Vaults:4 | 34386 ||| FLEEEEING.
 34387 | Vaults:4 | 34387 ||| FLEEEEING.
 34388 | Vaults:4 | 34388 ||| FLEEEEING.
 34389 | Vaults:4 | 34389 ||| FLEEEEING.
 34392 | Vaults:4 | 34392 ||| FLEEEEING.
 34393 | Vaults:4 | 34393 ||| FLEEEEING.
 34399 | Vaults:4 | 34399 ||| FLEEEEING.
 34400 | Vaults:4 | 34400 ||| FLEEEEING.
 34401 | Vaults:4 | 34401 ||| FLEEEEING.
 34402 | Vaults:4 | 34402 ||| FLEEEEING.
 34403 | Vaults:4 | 34403 ||| FLEEEEING.
 34404 | Vaults:4 | 34404 ||| FLEEEEING.
 34409 | Vaults:4 | 34409 ||| FLEEEEING.
 34410 | Vaults:4 | 34410 ||| FLEEEEING.
 34411 | Vaults:4 | 34411 ||| FLEEEEING.
 34415 | Vaults:4 | 34415 ||| FLEEEEING.
 34416 | Vaults:4 | 34416 ||| FLEEEEING.
 34417 | Vaults:4 | 34417 ||| FLEEEEING.
 34418 | Vaults:4 | 34418 ||| FLEEEEING.
 34419 | Vaults:4 | 34419 ||| FLEEEEING.
 34420 | Vaults:4 | 34420 ||| FLEEEEING.
 34421 | Vaults:4 | 34421 ||| FLEEEEING.
 34624 | Vaults:4 | Reached skill level 25 in Fighting
 34894 | Vaults:4 | 34894 ||| PLANNING SWAMP:4
 35332 | Swamp:4  | Entered Level 4 of the Swamp
 35343 | Swamp:4  | 35343 ||| INVOKING Heroism.
 35344 | Swamp:4  | 35344 ||| Stepping ~*~*~tactically~*~*~ (water).
 35352 | Swamp:4  | 35352 ||| INVOKING Finesse.
 35428 | Swamp:4  | 35428 ||| Stepping ~*~*~tactically~*~*~ (water).
 35430 | Swamp:4  | 35430 ||| Stepping ~*~*~tactically~*~*~ (water).
 35432 | Swamp:4  | 35432 ||| Stepping ~*~*~tactically~*~*~ (water).
 35434 | Swamp:4  | 35434 ||| Stepping ~*~*~tactically~*~*~ (water).
 35503 | Swamp:4  | 35503 ||| Stepping ~*~*~tactically~*~*~ (water).
 35504 | Swamp:4  | 35504 ||| Stepping ~*~*~tactically~*~*~ (outnumbered).
 35508 | Swamp:4  | 35508 ||| Stepping ~*~*~tactically~*~*~ (outnumbered).
 35514 | Swamp:4  | 35514 ||| Stepping ~*~*~tactically~*~*~ (water).
 35516 | Swamp:4  | 35516 ||| Stepping ~*~*~tactically~*~*~ (water).
 35543 | Swamp:4  | 35543 ||| Stepping ~*~*~tactically~*~*~ (water).
 35551 | Swamp:4  | Received a gift from Okawaru
 35553 | Swamp:4  | 35553 ||| Stepping ~*~*~tactically~*~*~ (water).
 35555 | Swamp:4  | 35555 ||| Stepping ~*~*~tactically~*~*~ (water).
 35587 | Swamp:4  | 35587 ||| INVOKING Heroism.
 35594 | Swamp:4  | Noticed the 27-headed Lernaean hydra
 35605 | Swamp:4  | Killed the 27-headed Lernaean hydra
 35633 | Swamp:4  | 35633 ||| INVOKING Heroism.
 35637 | Swamp:4  | Reached skill level 26 in Fighting
 35886 | Swamp:4  | Got a decaying rune of Zot
 35932 | Swamp:4  | 35932 ||| INVOKING Heroism.
 35933 | Swamp:4  | 35933 ||| INVOKING Finesse.
 35991 | Swamp:4  | 35991 ||| Stepping ~*~*~tactically~*~*~ (water).
 35997 | Swamp:4  | 35997 ||| Stepping ~*~*~tactically~*~*~ (water).
 36200 | Swamp:4  | 36200 ||| Stepping ~*~*~tactically~*~*~ (water).
 36203 | Swamp:4  | 36203 ||| Stepping ~*~*~tactically~*~*~ (water).
 36282 | Swamp:4  | 36282 ||| PLANNING DEPTHS
 36595 | Depths:1 | Entered Level 1 of the Depths
 36605 | Depths:1 | Found a transporter.
 36607 | Depths:1 | Noticed a juggernaut
 36608 | Depths:1 | Noticed a juggernaut
 36683 | Depths:1 | 36683 ||| INVOKING Heroism.
 36686 | Depths:1 | Reached XP level 21. HP: 221/221 MP: 27/27
 36722 | Depths:1 | 36722 ||| READING scroll of enchant armour.
 36722 | Depths:1 | 36722 ||| ENCHANTING +1 pair of boots of rampaging.
 36759 | Depths:1 | Found a transporter.
 36763 | Depths:1 | Noticed qw's ghost (adept GrFi)
 36772 | Depths:1 | 36772 ||| INVOKING Finesse.
 36792 | Depths:1 | Found a gateway to Hell.
 36806 | Depths:1 | Found a bloodstained altar of Trog.
 36936 | Depths:1 | 36936 ||| INVOKING Heroism.
 36937 | Depths:1 | 36937 ||| INVOKING Finesse.
 36971 | Depths:1 | 36971 ||| INVOKING Finesse.
 36972 | Depths:1 | 36972 ||| INVOKING Heroism.
 37326 | Depths:1 | 37326 ||| INVOKING Heroism.
 37420 | Depths:1 | 37420 ||| FLEEEEING.
 37422 | Depths:1 | 37422 ||| FLEEEEING.
 37423 | Depths:1 | 37423 ||| FLEEEEING.
 37425 | Depths:1 | 37425 ||| FLEEEEING.
 37426 | Depths:1 | 37426 ||| FLEEEEING.
 37433 | Depths:1 | 37433 ||| FLEEEEING.
 37434 | Depths:1 | 37434 ||| FLEEEEING.
 37501 | Depths:1 | Found a hazy altar of Hepliaklqana.
 37670 | Depths:2 | 37670 ||| INVOKING Heroism.
 37772 | Depths:2 | 37772 ||| INVOKING Heroism.
 37816 | Depths:2 | 37816 ||| Stepping ~*~*~tactically~*~*~ (outnumbered).
 37833 | Depths:2 | 37833 ||| INVOKING Heroism.
 37846 | Depths:2 | Reached skill level 27 in Fighting
 37897 | Depths:2 | 37897 ||| INVOKING Heroism.
 37988 | Depths:2 | 37988 ||| INVOKING Heroism.
 38026 | Depths:2 | 38026 ||| INVOKING Finesse.
 38054 | Depths:2 | 38054 ||| INVOKING Heroism.
 38123 | Depths:2 | Found Bekiyrchu's Gadget Gallery.
 38306 | Depths:2 | Identified the +4 short sword of Makhleb, Charming
                  | {antimagic, rF+++ Int-4}
 38366 | Depths:2 | 38366 ||| INVOKING Heroism.
 38607 | Depths:2 | 38607 ||| INVOKING Heroism.
 38717 | Depths:2 | Reached skill level 15 in Armour
 38971 | Depths:2 | Found a one-way gate leading to the halls of Pandemonium.
 38972 | Depths:2 | 38972 ||| Stepping ~*~*~tactically~*~*~ (outnumbered).
 38979 | Depths:2 | Gained mutation: You are dopey. (Int -2) [a cacodemon]
 39058 | Depths:3 | Received a gift from Okawaru
 39112 | Depths:3 | 39112 ||| INVOKING Heroism.
 39113 | Depths:3 | 39113 ||| INVOKING Finesse.
 39190 | Depths:3 | Identified the +1 ring mail of Tenacity {rF+ rN+ Str-2}
 39372 | Depths:3 | Noticed Boris
 39374 | Depths:3 | 39374 ||| INVOKING Heroism.
 39375 | Depths:3 | 39375 ||| INVOKING Finesse.
 39376 | Depths:3 | 39376 ||| Stepping ~*~*~tactically~*~*~ (outnumbered).
 39389 | Depths:3 | Killed Boris
 39395 | Depths:3 | Identified the ring "Keakiof" {*Slow rN+ Will+ Slay+2 SInv}
 39398 | Depths:3 | Noticed Frederick
 39401 | Depths:3 | 39401 ||| INVOKING Finesse.
 39417 | Depths:3 | Killed Frederick
 39670 | Depths:3 | 39670 ||| INVOKING Heroism.
 39671 | Depths:3 | 39671 ||| INVOKING Finesse.
 39714 | Depths:3 | 39714 ||| INVOKING Heroism.
 39801 | Depths:3 | 39801 ||| Stepping ~*~*~tactically~*~*~ (outnumbered).
 39802 | Depths:3 | 39802 ||| Stepping ~*~*~tactically~*~*~ (outnumbered).
 39806 | Depths:3 | 39806 ||| Stepping ~*~*~tactically~*~*~ (outnumbered).
 39912 | Depths:3 | Reached XP level 22. HP: 233/233 MP: 29/29
 39928 | Depths:3 | Found a white marble altar of Elyvilon.
 40041 | Depths:3 | 40041 ||| INVOKING Heroism.
 40042 | Depths:3 | 40042 ||| INVOKING Finesse.
 40043 | Depths:3 | 40043 ||| Stepping ~*~*~tactically~*~*~ (outnumbered).
 40054 | Depths:3 | Reached skill level 18 in Armour
 40080 | Depths:3 | Received a gift from Okawaru
 40141 | Depths:3 | 40141 ||| INVOKING Heroism.
 40180 | Depths:3 | 40180 ||| INVOKING Finesse.
 40190 | Depths:3 | Identified the ring "Dole" {rPois MP+9 Str+8 Int-2}
 40202 | Depths:3 | Identified the +4 giant club of Poverty {flame, Fragile
                  | Int+3 SInv}
 40202 | Depths:3 | Identified the +7 giant club of Twilight {speed, rPois rC+
                  | Will- Dex+3}
 40203 | Depths:3 | 40203 ||| INVOKING Heroism.
 40226 | Depths:3 | Noticed the Enchantress
 40233 | Depths:3 | 40233 ||| INVOKING Finesse.
 40234 | Depths:3 | 40234 ||| INVOKING Heroism.
 40240 | Depths:3 | 40240 ||| DRINKING 24 potions of curing.
 40240 | Depths:3 | 40240 ||| (to cure confusion)
 40246 | Depths:3 | Killed the Enchantress
 40288 | Depths:3 | Identified the +7 halberd "Seschi" {pain, Str-4 Dex+5}
 40541 | Depths:4 | Entered Level 4 of the Depths
 40541 | Depths:4 | Noticed Mennas
 40542 | Depths:4 | 40542 ||| INVOKING Heroism.
 40563 | Depths:4 | 40563 ||| STAIRDANCE
 40834 | Depths:4 | 40834 ||| INVOKING Heroism.
 40837 | Depths:4 | 40837 ||| STAIRDANCE
 40839 | Depths:4 | 40839 ||| STAIRDANCE
 40841 | Depths:4 | 40841 ||| STAIRDANCE
 40843 | Depths:3 | 40843 ||| DRINKING 23 potions of curing.
 40843 | Depths:3 | 40843 ||| (to cure confusion)
 40963 | Depths:4 | 40963 ||| STAIRDANCE
 41019 | Depths:4 | 41019 ||| INVOKING Heroism.
 41029 | Depths:4 | Killed Mennas
 41200 | Depths:4 | 41200 ||| INVOKING Finesse.
 41211 | Depths:4 | 41211 ||| INVOKING Heroism.
 41295 | Depths:4 | 41295 ||| Stepping ~*~*~tactically~*~*~ (outnumbered).
 41297 | Depths:4 | 41297 ||| Stepping ~*~*~tactically~*~*~ (outnumbered).
 41302 | Depths:4 | Received a gift from Okawaru
 41406 | Depths:4 | 41406 ||| DROPPING +2 pair of gloves of stealth.
 41417 | Depths:4 | 41417 ||| INVOKING Heroism.
 41418 | Depths:4 | 41418 ||| INVOKING Finesse.
 41418 | Depths:4 | Paralysed by a floating eye for 3 turns
 41430 | Depths:4 | Paralysed by a floating eye for 3 turns
 41431 | Depths:4 | HP: 57/233 [deep troll[a glowing orange brain] (3)]
 41432 | Depths:4 | HP: 22/233 [spriggan air mage (8)]
 41433 | Depths:4 | HP: 2/233 [deep troll[a glowing orange brain] (12)]
 41433 | Depths:4 | Mangled by a spriggan berserker

Levels and vault maps discovered:
D:1:      amcnicky_arrival_gap_in_the_tavern_cellar, layout_basic, st_stairs_1,
          minmay_misc_feat_columns
D:2:      layout_loops_cross, basic_ecumenical_altar, serial_forest,
          infiniplex_forest_clump_curved, infiniplex_forest_clump_double,
          infiniplex_forest_lined_2, infiniplex_forest_clump_small,
          infiniplex_forest_straight_3, infiniplex_forest_end_1,
          infiniplex_forest_clump_small
D:3:      layout_basic, general_overflow_altar, serial_shops, shop,
          ebering_dispersal_statue_hall, chequers_serial_rivers_micro_e,
          minmay_hedge_maze, minmay_parallelograms, minmay_misc_feat_tiny,
          serial_park_tiny_pond, serial_bayou_lagoon_b, uniq_crazy_yiuf_cottage,
          uniq_natasha, uniq_terence
D:4:      layout_cave_pools, kennysheep_mini, minmay_temple_entry_glass,
          minmay_goblin_outpost, uniq_menkaure
D:5:      layout_basic, uniq_grinder, uniq_ijyb, uniq_blork_the_orc
D:6:      layout_gridville, hellmonk_no_cap, uniq_duvessa
D:7:      layout_cave_pods, gammafunk_ghost_split, enter_bailey_6, serial_shops,
          shop, nicolae_shop_distant_corner_stores
D:8:      layout_loops_ring, tgw_sif, special_room [special_room_orc],
          minmay_guarded_unrand_finisher
D:9:      layout_roguey, cheibriados_altar_1,
          mainiacjoe_overflow_large_starburst, david_lair_generic,
          uniq_prince_ribbit1, uniq_grum, uniq_harold
D:10:     layout_basic, minivault_15, uniq_snorg
D:11:     layout_basic, kennysheep_orc_monster_closet_entryway, special_room
          [special_room_bee], minivault_4, nicolae_two_hexagons,
          nicolae_shop_vocational, uniq_lodul, uniq_fannar
D:12:     layout_irregular_city, nicolae_shop_i_like_big_books,
          grunt_qazlal_sundering
D:13:     layout_stronghold, ximxim_vaults_locker_room,
          hellmonk_ghost_happy_afterlife, wad_hexagon, uniq_erolcha,
          uniq_rupert, uniq_azrael
D:14:     kennysheep_bubble_arena, layout_loops_ring, minmay_misc_feat_iff,
          minmay_diamond_spiral
D:15:     hangedman_depths_entry_try_elsewhere_first, layout_irregular_city,
          st_stairs_4, jiyva_altar_1
Temple:   lightli_temple_of_artemis
Lair:1:   layout_regular_city, serial_bayou_shore_a,
          infiniplex_staircase_pool_2, grunt_megastairs_1
Lair:2:   layout_misc_corridors, palyth_hydra_swamp_entry,
          gammafunk_ghost_berserking_beasts, roderic_batcave
Lair:3:   layout_hall_layers, nicolae_snake_entry_warm_welcome,
          maelrawn_ghost_gauntlet_escape, grunt_megastairs_4, uniq_kirke
Lair:4:   layout_gridlike, lemuel_fruit_tree
Lair:5:   hellmonk_lair_end_abyssal_woods, layout_long_grid, slime_entry_1,
          evilmike_ambush [evilmike_ambush_outer_corners,
          evilmike_ambush_inner_cross], grunt_megastairs_5
Swamp:1:  layout_basic_swamp, evilmike_swamp_ruin_wall, swamp_pool4
Swamp:2:  layout_basic_swamp, evilmike_swamp_ruin_house_1
Swamp:3:  layout_basic_swamp, nicolae_swamp_long_stream
Swamp:4:  swamp_vile, layout_basic_swamp, infiniplex_staircase_pool
Snake:1:  nicolae_snake_hallway, layout_onion, serial_shops, shop,
          minmay_shoptagon, uniq_asterion
Snake:2:  layout_grid_maze, portal_ice_cave_entry_pillars_1,
          gammafunk_ghost_arena, serial_bayou_shore_b, uniq_nikola
Snake:3:  layout_honeycomb
Snake:4:  grunt_snake_rune_pools, layout_misc_corridors, basic_altar,
          uniq_vashnia
Orc:1:    layout_diamond_mine, serial_shops, nicolae_shop_real_fake_doors,
          nicolae_shop_tiny_real_fake_doors
Orc:2:    grunt_orc_community_town_hall, layout_caves,
          grunt_orc_community_big_house_2, grunt_orc_community_big_house_2,
          grunt_orc_community_house_3, grunt_orc_community_house_1,
          grunt_orc_community_house_3, grunt_orc_community_house_1,
          grunt_orc_community_house_3, grunt_orc_community_house_2, basic_altar,
          uniq_urug, uniq_maurice, uniq_sonja
Vaults:1: gammafunk_ghost_fury_of_okawaru, nicolae_vaults_border_crossing,
          hangedman_vaults_capsules, nicolae_vaults_rhombus_6,
          vaults_room_corners, nicolae_vaults_little_guard_posts,
          layout_vaults_omnigrid
Vaults:2: ontoclasm_vaults_ligature, vaults_dpeg_diagonal, special_room_vaults
          [special_room_orc], minmay_crypt_entry_necro_gods,
          nicolae_vaults_offset_grid_hallway_4, nicolae_vaults_house_1,
          nicolae_vaults_tetromino_Z_1, nicolae_vaults_little_squares_2,
          ontoclasm_vaults_twist, layout_vaults_big_room, serial_shops, shop,
          uniq_xtahua, uniq_boris, uniq_margery
Vaults:3: nicolae_vaults_little_squares_1, v_pattern_4,
          nicolae_vaults_storage_closets_1, ontoclasm_vaults_decontamination,
          nicolae_vaults_storage_room_glass, nicolae_vaults_cornered_office,
          grunt_vaults_focal, hangedman_vaults_nodes, grunt_vaults_swirl,
          layout_vaults_ring, serial_shops, shop, shop_statue
Vaults:4: ontoclasm_vaults_eye, nicolae_vaults_back_hallway, v_misc_10,
          vaults_mumra_chevron, v_pattern_5, hangedman_vaults_corner,
          hangedman_vaults_slice, vaults_dpeg_doors,
          nicolae_vaults_closet_pinwheel_5, nicolae_vaults_trapezoid_3,
          nicolae_vaults_trapezoid_3, ontoclasm_vaults_misaligned,
          nicolae_vaults_tetromino_Z_1, layout_vaults_maze
Depths:1: layout_gridlike, hell_entry, hangedman_abyss_or_decor_passed,
          gammafunk_ghost_wrathful_warriors, nicolae_hepliaklqana_hippocampus
Depths:2: grunt_twist_and_shout, layout_honeycomb, rand_demon_pan_entry_9,
          hell_entry, serial_bayou_ford_a, minivault_21, nicolae_shop_gadgets,
          minmay_staircase_windowed_large
Depths:3: grunt_forest_end_chambers, layout_basic, grunt_metal_band,
          nicolae_elyvilon_temple_path, abyss_entry_glasseish, eino_curves_04,
          moated_statue, uniq_grunn, uniq_frederick
Depths:4: grunt_zot_entry_funnels, layout_cave_pools, enter_ziggurat_e,
          grunt_dithmenos_smoke, pf_coc_iceberg, nicolae_trove_entry_columns,
          minmay_mirror_moons_of_madness, uniq_mennas

Skill      XL: |  1  2  3  4  5  6  7  8  9 10 11 12 13 14 15 16 17 18 19 20 21 22 |
---------------+-------------------------------------------------------------------+-----
Ranged Weapons | 5 6 7 8 9 10 11 13 15 16 18 20 22 | 22.0
Fighting       | 3 4 5 7 9 10 11 12 14 16 18 19 21 23 26 27 | 27.0
Armour         | 1 5 6 7 8 9 11 13 17 20 | 20.4
Dodging        | 3 4 5 7 9 10 12 13 16 18 20 21 22 | 22.0
Invocations    | 4 7 10 11 | 11.2
Stealth        | |  0.7

Action                     |  1- 3 |  4- 6 |  7- 9 | 10-12 | 13-15 | 16-18 | 19-21 | 22-24 || total
---------------------------+-------+-------+-------+-------+-------+-------+-------+-------++-------
  Melee: Unarmed           |       |       |       |    11 |       |       |       |       ||    11
   Fire: Shortbow          |   110 |   117 |   223 |       |       |       |       |       ||   450
         Longbow           |       |       |   119 |   379 |   865 |   895 |       |       ||  2258
         Triple crossbow   |       |       |       |       |       |   401 |  1090 |   231 ||  1722
 Invoke: Heroism           |       |       |    14 |    21 |    28 |    39 |    28 |     9 ||   139
         Finesse           |       |       |       |     2 |    10 |     5 |    13 |     5 ||    35
    Use: Scroll            |     6 |     4 |    12 |     1 |    10 |     6 |     3 |       ||    42
         Potion            |     1 |     1 |     3 |       |     6 |     3 |     3 |     2 ||    19
 Armour: Ring mail         |     6 |    20 |     1 |       |       |       |       |       ||    27
         Leather armour    |     1 |       |       |    12 |    31 |    39 |    85 |    46 ||   214
         Robe              |       |       |    28 |       |       |       |       |       ||    28
  Dodge: Dodged            |    16 |    35 |    79 |   136 |   411 |   661 |   903 |   272 ||  2513

Table legend:
 A = Non-vault XP
 B = Vault XP
 C = Vault XP percentage of total XP
 D = Non-vault monster count
 E = Vault monster count
 F = Vault count percentage of total count
                 A         B        C        D         E       F
            +---------+---------+-------+---------+---------+-------
      Total |  512382 |  258068 |  33.5 |    1169 |     571 |  32.8
            +---------+---------+-------+---------+---------+-------
        D:1 |      34 |       4 |  10.5 |      22 |       3 |  12.0
        D:2 |      57 |       0 |   0.0 |      19 |       0 |   0.0
        D:3 |     172 |      68 |  28.3 |      25 |       2 |   7.4
        D:4 |     272 |     171 |  38.6 |       9 |       9 |  50.0
        D:5 |     307 |     399 |  56.5 |      16 |       3 |  15.8
        D:6 |    1106 |     256 |  18.8 |      21 |       3 |  12.5
        D:7 |     835 |       0 |   0.0 |      18 |       0 |   0.0
        D:8 |     601 |    1607 |  72.8 |      17 |      25 |  59.5
        D:9 |    3235 |    2774 |  46.2 |      24 |      11 |  31.4
       D:10 |    2691 |    1355 |  33.5 |      19 |       2 |   9.5
       D:11 |    4145 |    6108 |  59.6 |      26 |      55 |  67.9
       D:12 |    4331 |       0 |   0.0 |      13 |       0 |   0.0
       D:13 |    7081 |   10022 |  58.6 |      17 |      23 |  57.5
       D:14 |   14005 |    9672 |  40.8 |      30 |      11 |  26.8
       D:15 |   18435 |    3455 |  15.8 |      31 |       9 |  22.5
     Lair:1 |    5122 |    1485 |  22.5 |      24 |       6 |  20.0
     Lair:2 |    7975 |    2547 |  24.2 |      34 |      14 |  29.2
     Lair:3 |    7181 |    4403 |  38.0 |      22 |      14 |  38.9
     Lair:4 |    5959 |       0 |   0.0 |      20 |       0 |   0.0
     Lair:5 |   14563 |   11998 |  45.2 |      48 |      47 |  49.5
    Swamp:1 |   11886 |       0 |   0.0 |      25 |       0 |   0.0
    Swamp:2 |    9344 |       0 |   0.0 |      18 |       0 |   0.0
    Swamp:3 |    6457 |       0 |   0.0 |      13 |       0 |   0.0
    Swamp:4 |   24505 |   22817 |  48.2 |      38 |      32 |  45.7
    Snake:1 |   30345 |    7337 |  19.5 |      56 |      15 |  21.1
    Snake:2 |   21974 |    2305 |   9.5 |      46 |       1 |   2.1
    Snake:3 |   30957 |       0 |   0.0 |      63 |       0 |   0.0
    Snake:4 |   17782 |   31249 |  63.7 |      40 |      39 |  49.4
      Orc:1 |    2969 |       0 |   0.0 |      40 |       0 |   0.0
      Orc:2 |    3744 |    8102 |  68.4 |      46 |      76 |  62.3
   Vaults:1 |   25111 |    9581 |  27.6 |      31 |      13 |  29.5
   Vaults:2 |   18719 |   18837 |  50.2 |      26 |      37 |  58.7
   Vaults:3 |   39766 |   16798 |  29.7 |      63 |      26 |  29.2
   Vaults:4 |   38501 |   27846 |  42.0 |      51 |      34 |  40.0
   Depths:1 |   30120 |       0 |   0.0 |      37 |       0 |   0.0
   Depths:2 |   41155 |    9143 |  18.2 |      49 |      10 |  16.9
   Depths:3 |   32262 |   43285 |  57.3 |      38 |      50 |  56.8
   Depths:4 |   28678 |    4444 |  13.4 |      34 |       1 |   2.9
            +---------+---------+-------+---------+---------+-------
